Workbook

Sheet Data Sheet
I4: Enter Personalized Title Here
A12: YEAR
B13: Enter Year Here | C13: Budget for the Year
A15: INCOME | C15: January | D15: February | E15: March | F15: April | G15: May | H15: June | I15: July | J15: August | K15: September | L15: October | M15: November | N15: December | O15: Totals for the Year
B16: Source 1 | O16: =SUM(C16:N16) -> 0
B17: Source 2 | O17: =SUM(C17:N17) -> 0
B18: Source 3 | O18: =SUM(C18:N18) -> 0
B19: Source 4 | O19: =SUM(C19:N19) -> 0
B20: Notes (text) | C20: N/A | D20: N/A | E20: N/A | F20: N/A | G20: N/A | H20: N/A | I20: N/A | J20: N/A | K20: N/A | L20: N/A | M20: N/A | N20: N/A | O20: N/A
B21: Total Income Budget | C21: =SUM(C16:C20) -> 0 | D21: =SUM(D16:D20) -> 0 | E21: =SUM(E16:E20) -> 0 | F21: =SUM(F16:F20) -> 0 | G21: =SUM(G16:G20) -> 0 | H21: =SUM(H16:H20) -> 0 | I21: =SUM(I16:I20) -> 0 | J21: =SUM(J16:J20) -> 0 | ... O21: =SUM(O16:O20) -> 0
A23: OUTGO | C23: January | D23: February | E23: March | F23: April | G23: May | H23: June | I23: July | J23: August | K23: September | L23: October | M23: November | N23: December | O23: Totals for the Year
B24: Food and Household | O24: =SUM(C24:N24) -> 0
B25: Mortgage or Rent | O25: =SUM(C25:N25) -> 0
B26: Association Dues | O26: =SUM(C26:N26) -> 0
B27: Car Payments | O27: =SUM(C27:N27) -> 0 | AG27: =163.9+19.22+4+14.13+10 -> 211.25
B28: Ins - Health | O28: =SUM(C28:N28) -> 0
B29: Ins - Long Term Care | O29: =SUM(C29:N29) -> 0
B30: Ins - Life | O30: =SUM(C30:N30) -> 0
B31: Ins - Car | O31: =SUM(C31:N31) -> 0
B32: Ins - Other | O32: =SUM(C32:N32) -> 0
B33: Cell Phone | O33: =SUM(C33:N33) -> 0
B34: Household Electrical | O34: =SUM(C34:N34) -> 0
B35: Household Gas | O35: =SUM(C35:N35) -> 0
B36: Household Cable/Internet | O36: =SUM(C36:N36) -> 0
B37: Household Water | O37: =SUM(C37:N37) -> 0
B38: Automobile Gas/Parking | O38: =SUM(C38:N38) -> 0
B39: Automobile Maintenance | O39: =SUM(C39:N39) -> 0
... B50: Other | O50: =SUM(C50:N50) -> 0
B51: Notes (text) | C51: N/A | D51: N/A | E51: N/A | F51: N/A | G51: N/A | H51: N/A | I51: N/A | J51: N/A | K51: N/A | L51: N/A | M51: N/A | N51: N/A | O51: N/A
B52: Sub. Outgo Budget | C52: =SUM(C24:C51) -> 0 | D52: =SUM(D24:D51) -> 0 | E52: =SUM(E24:E51) -> 0 | F52: =SUM(F24:F51) -> 0 | G52: =SUM(G24:G51) -> 0 | H52: =SUM(H24:H51) -> 0 | I52: =SUM(I24:I51) -> 0 | J52: =SUM(J24:J51) -> 0 | ... O52: =SUM(O24:O51) -> 0
A54: TAX DEDUCTIBLES | C54: January | D54: February | E54: March | F54: April | G54: May | H54: June | I54: July | J54: August | K54: September | L54: October | M54: November | N54: December | O54: Totals for the Year
B55: Automobile Registration | O55: =SUM(C55:N55) -> 0
B56: Medical Co-pays, etc | O56: =SUM(C56:N56) -> 0
B57: Dental, Vision Etc. | O57: =SUM(C57:N57) -> 0
B58: Child Care | O58: =SUM(C58:N58) -> 0
B59: Property Taxes | O59: =SUM(C59:N59) -> 0
B60: Other | O60: =SUM(C60:N60) -> 0
B61: Other | O61: =SUM(C61:N61) -> 0
B62: Notes (text) | C62: N/A | D62: N/A | E62: N/A | F62: N/A | G62: N/A | H62: N/A | I62: N/A | J62: N/A | K62: 440 reg | L62: N/A | M62: N/A | N62: N/A | O62: N/A
B63: Sub. Tax Outgo Budget | C63: =SUM(C55:C62) -> 0 | D63: =SUM(D55:D62) -> 0 | E63: =SUM(E55:E62) -> 0 | F63: =SUM(F55:F62) -> 0 | G63: =SUM(G55:G62) -> 0 | H63: =SUM(H55:H62) -> 0 | I63: =SUM(I55:I62) -> 0 | J63: =SUM(J55:J62) -> 0 | ... O63: =SUM(O55:O62) -> 0
B64: Total Outgo Budget | C64: =C52+C63 -> 0 | D64: =D52+D63 -> 0 | E64: =E52+E63 -> 0 | F64: =F52+F63 -> 0 | G64: =G52+G63 -> 0 | H64: =H52+H63 -> 0 | I64: =I52+I63 -> 0 | J64: =J52+J63 -> 0 | ... O64: =O52+O63 -> 0
B66: Under/(Over) Budgeting | C66: =C21-C64 -> 0 | D66: =D21-D64 -> 0 | E66: =E21-E64 -> 0 | F66: =F21-F64 -> 0 | G66: =G21-G64 -> 0 | H66: =H21-H64 -> 0 | I66: =I21-I64 -> 0 | J66: =J21-J64 -> 0 | ... O66: =O21-O64 -> 0 | Q66: =SUM(Q25:Q63) -> 0

Sheet Jan
A1: January
A2: ='Data Sheet'!B13 -> Enter Year Here | B2: 1 | C2: 2 | D2: 3 | E2: 4 | F2: 5 | G2: 6 | H2: 7 | I2: 8 | J2: 9 | K2: 10 | L2: 11 | M2: 12 | N2: 13 | O2: 14 | P2: 15 | Q2: 16 | R2: 17 | S2: 18 | T2: 19 | U2: 20 | V2: 21 | W2: 22 | X2: 23 | Y2: 24 | Z2: 25 | AA2: 26 | AB2: 27 | AC2: 28 | AD2: 29 | AE2: 30 | AF2: 31 | AG2: Total | AH2: Bud. Total | AI2: Over/(Under)
A4: INCOME | B4: 1 | C4: 2 | D4: 3 | E4: 4 | F4: 5 | G4: 6 | H4: 7 | I4: 8 | J4: 9 | K4: 10 | L4: 11 | M4: 12 | N4: 13 | O4: 14 | P4: 15 | Q4: 16 | R4: 17 | S4: 18 | T4: 19 | U4: 20 | V4: 21 | W4: 22 | X4: 23 | Y4: 24 | Z4: 25 | AA4: 26 | AB4: 27 | AC4: 28 | AD4: 29 | AE4: 30 | AF4: 31 | AG4: Total | AH4: Bud. Total | AI4: Over/(Under)
A5: ='Data Sheet'!B16 -> Source 1 | AG5: =SUM(B5:AF5) -> 0 | AH5: ='Data Sheet'!C16 -> 0 | AI5: =AG5-AH5 -> 0
A6: ='Data Sheet'!B17 -> Source 2 | AG6: =SUM(B6:AF6) -> 0 | AH6: ='Data Sheet'!C17 -> 0 | AI6: =AG6-AH6 -> 0
A7: ='Data Sheet'!B18 -> Source 3 | AG7: =SUM(B7:AF7) -> 0 | AH7: ='Data Sheet'!C18 -> 0 | AI7: =AG7-AH7 -> 0
A8: ='Data Sheet'!B19 -> Source 4 | AG8: =SUM(B8:AF8) -> 0 | AH8: ='Data Sheet'!C19 -> 0 | AI8: =AG8-AH8 -> 0
A9: ='Data Sheet'!B20 -> Notes (text) | AG9: N/A | AH9: ='Data Sheet'!C20 -> N/A | AI9: N/A
A10: Total Income | B10: =SUM(B5:B9) -> 0 | C10: =SUM(C5:C9) -> 0 | D10: =SUM(D5:D9) -> 0 | E10: =SUM(E5:E9) -> 0 | F10: =SUM(F5:F9) -> 0 | G10: =SUM(G5:G9) -> 0 | H10: =SUM(H5:H9) -> 0 | I10: =SUM(I5:I9) -> 0 | ... AF10: =SUM(AF5:AF9) -> 0 | AG10: =IF((SUM(B10:AF10)=SUM(AG5:AG9)),(SUM(B10:AF10)),"error") -> 0 | AH10: ='Data Sheet'!C21 -> 0 | AI10: =AG10-AH10 -> 0
A12: OUTGO | B12: 1 | C12: 2 | D12: 3 | E12: 4 | F12: 5 | G12: 6 | H12: 7 | I12: 8 | J12: 9 | K12: 10 | L12: 11 | M12: 12 | N12: 13 | O12: 14 | P12: 15 | Q12: 16 | R12: 17 | S12: 18 | T12: 19 | U12: 20 | V12: 21 | W12: 22 | X12: 23 | Y12: 24 | Z12: 25 | AA12: 26 | AB12: 27 | AC12: 28 | AD12: 29 | AE12: 30 | AF12: 31 | AG12: Total | AH12: =AH4 -> Bud. Total | AI12: Over/(Under)
A13: ='Data Sheet'!B24 -> Food and Household | AG13: =SUM(B13:AF13) -> 0 | AH13: ='Data Sheet'!C24 -> 0 | AI13: =AG13-AH13 -> 0
A14: ='Data Sheet'!B25 -> Mortgage or Rent | AG14: =SUM(B14:AF14) -> 0 | AH14: ='Data Sheet'!C25 -> 0 | AI14: =AG14-AH14 -> 0
A15: ='Data Sheet'!B26 -> Association Dues | AG15: =SUM(B15:AF15) -> 0 | AH15: ='Data Sheet'!C26 -> 0 | AI15: =AG15-AH15 -> 0
A16: ='Data Sheet'!B27 -> Car Payments | AG16: =SUM(B16:AF16) -> 0 | AH16: ='Data Sheet'!C27 -> 0 | AI16: =AG16-AH16 -> 0
A17: ='Data Sheet'!B28 -> Ins - Health | AG17: =SUM(B17:AF17) -> 0 | AH17: ='Data Sheet'!C28 -> 0 | AI17: =AG17-AH17 -> 0
A18: ='Data Sheet'!B29 -> Ins - Long Term Care | AG18: =SUM(B18:AF18) -> 0 | AH18: ='Data Sheet'!C29 -> 0 | AI18: =AG18-AH18 -> 0
A19: ='Data Sheet'!B30 -> Ins - Life | AG19: =SUM(B19:AF19) -> 0 | AH19: ='Data Sheet'!C30 -> 0 | AI19: =AG19-AH19 -> 0
A20: ='Data Sheet'!B31 -> Ins - Car | AG20: =SUM(B20:AF20) -> 0 | AH20: ='Data Sheet'!C31 -> 0 | AI20: =AG20-AH20 -> 0
A21: ='Data Sheet'!B32 -> Ins - Other | AG21: =SUM(B21:AF21) -> 0 | AH21: ='Data Sheet'!C32 -> 0 | AI21: =AG21-AH21 -> 0
A22: ='Data Sheet'!B33 -> Cell Phone | AG22: =SUM(B22:AF22) -> 0 | AH22: ='Data Sheet'!C33 -> 0 | AI22: =AG22-AH22 -> 0
A23: ='Data Sheet'!B34 -> Household Electrical | AG23: =SUM(B23:AF23) -> 0 | AH23: ='Data Sheet'!C34 -> 0 | AI23: =AG23-AH23 -> 0
A24: ='Data Sheet'!B35 -> Household Gas | AG24: =SUM(B24:AF24) -> 0 | AH24: ='Data Sheet'!C35 -> 0 | AI24: =AG24-AH24 -> 0
... A39: ='Data Sheet'!B50 -> Other | AG39: =SUM(B39:AF39) -> 0 | AH39: ='Data Sheet'!C50 -> 0 | AI39: =AG39-AH39 -> 0
A40: ='Data Sheet'!B51 -> Notes (text) | AG40: N/A | AH40: ='Data Sheet'!C51 -> N/A | AI40: N/A
A41: SUB. OUTGO | B41: =SUM(B13:B40) -> 0 | C41: =SUM(C13:C40) -> 0 | D41: =SUM(D13:D40) -> 0 | E41: =SUM(E13:E40) -> 0 | F41: =SUM(F13:F40) -> 0 | G41: =SUM(G13:G40) -> 0 | H41: =SUM(H13:H40) -> 0 | I41: =SUM(I13:I40) -> 0 | ... AF41: =SUM(AF13:AF40) -> 0 | AG41: =IF((SUM(B41:AF41)=SUM(AG13:AG40)),(SUM(B41:AF41)),"error") -> 0 | AH41: ='Data Sheet'!C52 -> 0 | AI41: =AG41-AH41 -> 0
A43: TAX DEDUCTIBLES | B43: 1 | C43: 2 | D43: 3 | E43: 4 | F43: 5 | G43: 6 | H43: 7 | I43: 8 | J43: 9 | K43: 10 | L43: 11 | M43: 12 | N43: 13 | O43: 14 | P43: 15 | Q43: 16 | R43: 17 | S43: 18 | T43: 19 | U43: 20 | V43: 21 | W43: 22 | X43: 23 | Y43: 24 | Z43: 25 | AA43: 26 | AB43: 27 | AC43: 28 | AD43: 29 | AE43: 30 | AF43: 31 | AG43: Total | AH43: =AH4 -> Bud. Total | AI43: Over/(Under)
A44: ='Data Sheet'!B55 -> Automobile Registration | AG44: =SUM(B44:AF44) -> 0 | AH44: ='Data Sheet'!C55 -> 0 | AI44: =AG44-AH44 -> 0
A45: ='Data Sheet'!B56 -> Medical Co-pays, etc | AG45: =SUM(B45:AF45) -> 0 | AH45: ='Data Sheet'!C56 -> 0 | AI45: =AG45-AH45 -> 0
A46: ='Data Sheet'!B57 -> Dental, Vision Etc. | AG46: =SUM(B46:AF46) -> 0 | AH46: ='Data Sheet'!C57 -> 0 | AI46: =AG46-AH46 -> 0
A47: ='Data Sheet'!B58 -> Child Care | AG47: =SUM(B47:AF47) -> 0 | AH47: ='Data Sheet'!C58 -> 0 | AI47: =AG47-AH47 -> 0
A48: ='Data Sheet'!B59 -> Property Taxes | AG48: =SUM(B48:AF48) -> 0 | AH48: ='Data Sheet'!C59 -> 0 | AI48: =AG48-AH48 -> 0
A49: ='Data Sheet'!B60 -> Other | AG49: =SUM(B49:AF49) -> 0 | AH49: ='Data Sheet'!C60 -> 0 | AI49: =AG49-AH49 -> 0
A50: ='Data Sheet'!B61 -> Other | AG50: =SUM(B50:AF50) -> 0 | AH50: ='Data Sheet'!C61 -> 0 | AI50: =AG50-AH50 -> 0
A51: ='Data Sheet'!B62 -> Notes (text) | AG51: N/A | AH51: ='Data Sheet'!C62 -> N/A | AI51: N/A
A52: SUB. TAX OUTGO | B52: =SUM(B44:B50) -> 0 | C52: =SUM(C44:C50) -> 0 | D52: =SUM(D44:D50) -> 0 | E52: =SUM(E44:E50) -> 0 | F52: =SUM(F44:F50) -> 0 | G52: =SUM(G44:G50) -> 0 | H52: =SUM(H44:H50) -> 0 | I52: =SUM(I44:I50) -> 0 | ... AF52: =SUM(AF44:AF50) -> 0 | AG52: =IF((SUM(B52:AF52)=SUM(AG44:AG51)),(SUM(B52:AF52)),"error") -> 0 | AH52: ='Data Sheet'!C63 -> 0 | AI52: =AG52-AH52 -> 0
A53: TOTAL OUTGO | B53: =(B41+B52) -> 0 | C53: =(C41+C52) -> 0 | D53: =(D41+D52) -> 0 | E53: =(E41+E52) -> 0 | F53: =(F41+F52) -> 0 | G53: =(G41+G52) -> 0 | H53: =(H41+H52) -> 0 | I53: =(I41+I52) -> 0 | ... AF53: =(AF41+AF52) -> 0 | AG53: =SUM(B53:AF53) -> 0 | AH53: ='Data Sheet'!C64 -> 0 | AI53: =AG53-AH53 -> 0
A54: =A1 -> January | AG54: =(AG10-AG53) -> 0 | AH54: ='Data Sheet'!C66 -> 0 | AI54: =AG54-AH54 -> 0
A55: ='Data Sheet'!B13 -> Enter Year Here

Sheet Feb
A1: February
A2: ='Data Sheet'!B13 -> Enter Year Here | B2: 1 | C2: 2 | D2: 3 | E2: 4 | F2: 5 | G2: 6 | H2: 7 | I2: 8 | J2: 9 | K2: 10 | L2: 11 | M2: 12 | N2: 13 | O2: 14 | P2: 15 | Q2: 16 | R2: 17 | S2: 18 | T2: 19 | U2: 20 | V2: 21 | W2: 22 | X2: 23 | Y2: 24 | Z2: 25 | AA2: 26 | AB2: 27 | AC2: 28 | AD2: 29 | AE2: 30 | AF2: 31 | AG2: Total | AH2: Bud. Total | AI2: Over/(Under)
A4: INCOME | B4: 1 | C4: 2 | D4: 3 | E4: 4 | F4: 5 | G4: 6 | H4: 7 | I4: 8 | J4: 9 | K4: 10 | L4: 11 | M4: 12 | N4: 13 | O4: 14 | P4: 15 | Q4: 16 | R4: 17 | S4: 18 | T4: 19 | U4: 20 | V4: 21 | W4: 22 | X4: 23 | Y4: 24 | Z4: 25 | AA4: 26 | AB4: 27 | AC4: 28 | AD4: 29 | AE4: 30 | AF4: 31 | AG4: Total | AH4: Bud. Total | AI4: Over/(Under)
A5: ='Data Sheet'!B16 -> Source 1 | AG5: =SUM(B5:AF5) -> 0 | AH5: ='Data Sheet'!D16 -> 0 | AI5: =AG5-AH5 -> 0
A6: ='Data Sheet'!B17 -> Source 2 | AG6: =SUM(B6:AF6) -> 0 | AH6: ='Data Sheet'!D17 -> 0 | AI6: =AG6-AH6 -> 0
A7: ='Data Sheet'!B18 -> Source 3 | AG7: =SUM(B7:AF7) -> 0 | AH7: ='Data Sheet'!D18 -> 0 | AI7: =AG7-AH7 -> 0
A8: ='Data Sheet'!B19 -> Source 4 | AG8: =SUM(B8:AF8) -> 0 | AH8: ='Data Sheet'!D19 -> 0 | AI8: =AG8-AH8 -> 0
A9: ='Data Sheet'!B20 -> Notes (text) | AG9: N/A | AH9: ='Data Sheet'!D20 -> N/A | AI9: N/A
A10: Total Income | B10: =SUM(B5:B9) -> 0 | C10: =SUM(C5:C9) -> 0 | D10: =SUM(D5:D9) -> 0 | E10: =SUM(E5:E9) -> 0 | F10: =SUM(F5:F9) -> 0 | G10: =SUM(G5:G9) -> 0 | H10: =SUM(H5:H9) -> 0 | I10: =SUM(I5:I9) -> 0 | ... AF10: =SUM(AF5:AF9) -> 0 | AG10: =IF((SUM(B10:AF10)=SUM(AG5:AG9)),(SUM(B10:AF10)),"error") -> 0 | AH10: ='Data Sheet'!D21 -> 0 | AI10: =AG10-AH10 -> 0
A12: OUTGO | B12: 1 | C12: 2 | D12: 3 | E12: 4 | F12: 5 | G12: 6 | H12: 7 | I12: 8 | J12: 9 | K12: 10 | L12: 11 | M12: 12 | N12: 13 | O12: 14 | P12: 15 | Q12: 16 | R12: 17 | S12: 18 | T12: 19 | U12: 20 | V12: 21 | W12: 22 | X12: 23 | Y12: 24 | Z12: 25 | AA12: 26 | AB12: 27 | AC12: 28 | AD12: 29 | AE12: 30 | AF12: 31 | AG12: Total | AH12: =AH4 -> Bud. Total | AI12: Over/(Under)
A13: ='Data Sheet'!B24 -> Food and Household | AG13: =SUM(B13:AF13) -> 0 | AH13: ='Data Sheet'!D24 -> 0 | AI13: =AG13-AH13 -> 0
A14: ='Data Sheet'!B25 -> Mortgage or Rent | AG14: =SUM(B14:AF14) -> 0 | AH14: ='Data Sheet'!D25 -> 0 | AI14: =AG14-AH14 -> 0
A15: ='Data Sheet'!B26 -> Association Dues | AG15: =SUM(B15:AF15) -> 0 | AH15: ='Data Sheet'!D26 -> 0 | AI15: =AG15-AH15 -> 0
A16: ='Data Sheet'!B27 -> Car Payments | AG16: =SUM(B16:AF16) -> 0 | AH16: ='Data Sheet'!D27 -> 0 | AI16: =AG16-AH16 -> 0
A17: ='Data Sheet'!B28 -> Ins - Health | AG17: =SUM(B17:AF17) -> 0 | AH17: ='Data Sheet'!D28 -> 0 | AI17: =AG17-AH17 -> 0
A18: ='Data Sheet'!B29 -> Ins - Long Term Care | AG18: =SUM(B18:AF18) -> 0 | AH18: ='Data Sheet'!D29 -> 0 | AI18: =AG18-AH18 -> 0
A19: ='Data Sheet'!B30 -> Ins - Life | AG19: =SUM(B19:AF19) -> 0 | AH19: ='Data Sheet'!D30 -> 0 | AI19: =AG19-AH19 -> 0
A20: ='Data Sheet'!B31 -> Ins - Car | AG20: =SUM(B20:AF20) -> 0 | AH20: ='Data Sheet'!D31 -> 0 | AI20: =AG20-AH20 -> 0
A21: ='Data Sheet'!B32 -> Ins - Other | AG21: =SUM(B21:AF21) -> 0 | AH21: ='Data Sheet'!D32 -> 0 | AI21: =AG21-AH21 -> 0
A22: ='Data Sheet'!B33 -> Cell Phone | AG22: =SUM(B22:AF22) -> 0 | AH22: ='Data Sheet'!D33 -> 0 | AI22: =AG22-AH22 -> 0
A23: ='Data Sheet'!B34 -> Household Electrical | AG23: =SUM(B23:AF23) -> 0 | AH23: ='Data Sheet'!D34 -> 0 | AI23: =AG23-AH23 -> 0
A24: ='Data Sheet'!B35 -> Household Gas | AG24: =SUM(B24:AF24) -> 0 | AH24: ='Data Sheet'!D35 -> 0 | AI24: =AG24-AH24 -> 0
... A39: ='Data Sheet'!B50 -> Other | AG39: =SUM(B39:AF39) -> 0 | AH39: ='Data Sheet'!D50 -> 0 | AI39: =AG39-AH39 -> 0
A40: ='Data Sheet'!B51 -> Notes (text) | AG40: N/A | AH40: ='Data Sheet'!D51 -> N/A | AI40: N/A
A41: SUB. OUTGO | B41: =SUM(B13:B40) -> 0 | C41: =SUM(C13:C40) -> 0 | D41: =SUM(D13:D40) -> 0 | E41: =SUM(E13:E40) -> 0 | F41: =SUM(F13:F40) -> 0 | G41: =SUM(G13:G40) -> 0 | H41: =SUM(H13:H40) -> 0 | I41: =SUM(I13:I40) -> 0 | ... AF41: =SUM(AF13:AF40) -> 0 | AG41: =IF((SUM(B41:AF41)=SUM(AG13:AG40)),(SUM(B41:AF41)),"error") -> 0 | AH41: ='Data Sheet'!D52 -> 0 | AI41: =AG41-AH41 -> 0
A43: TAX DEDUCTIBLES | B43: 1 | C43: 2 | D43: 3 | E43: 4 | F43: 5 | G43: 6 | H43: 7 | I43: 8 | J43: 9 | K43: 10 | L43: 11 | M43: 12 | N43: 13 | O43: 14 | P43: 15 | Q43: 16 | R43: 17 | S43: 18 | T43: 19 | U43: 20 | V43: 21 | W43: 22 | X43: 23 | Y43: 24 | Z43: 25 | AA43: 26 | AB43: 27 | AC43: 28 | AD43: 29 | AE43: 30 | AF43: 31 | AG43: Total | AH43: =AH4 -> Bud. Total | AI43: Over/(Under)
A44: ='Data Sheet'!B55 -> Automobile Registration | AG44: =SUM(B44:AF44) -> 0 | AH44: ='Data Sheet'!D55 -> 0 | AI44: =AG44-AH44 -> 0
A45: ='Data Sheet'!B56 -> Medical Co-pays, etc | AG45: =SUM(B45:AF45) -> 0 | AH45: ='Data Sheet'!D56 -> 0 | AI45: =AG45-AH45 -> 0
A46: ='Data Sheet'!B57 -> Dental, Vision Etc. | AG46: =SUM(B46:AF46) -> 0 | AH46: ='Data Sheet'!D57 -> 0 | AI46: =AG46-AH46 -> 0
A47: ='Data Sheet'!B58 -> Child Care | AG47: =SUM(B47:AF47) -> 0 | AH47: ='Data Sheet'!D58 -> 0 | AI47: =AG47-AH47 -> 0
A48: ='Data Sheet'!B59 -> Property Taxes | AG48: =SUM(B48:AF48) -> 0 | AH48: ='Data Sheet'!D59 -> 0 | AI48: =AG48-AH48 -> 0
A49: ='Data Sheet'!B60 -> Other | AG49: =SUM(B49:AF49) -> 0 | AH49: ='Data Sheet'!D60 -> 0 | AI49: =AG49-AH49 -> 0
A50: ='Data Sheet'!B61 -> Other | AG50: =SUM(B50:AF50) -> 0 | AH50: ='Data Sheet'!D61 -> 0 | AI50: =AG50-AH50 -> 0
A51: ='Data Sheet'!B62 -> Notes (text) | AG51: N/A | AH51: ='Data Sheet'!D62 -> N/A | AI51: N/A
A52: SUB. TAX OUTGO | B52: =SUM(B44:B50) -> 0 | C52: =SUM(C44:C50) -> 0 | D52: =SUM(D44:D50) -> 0 | E52: =SUM(E44:E50) -> 0 | F52: =SUM(F44:F50) -> 0 | G52: =SUM(G44:G50) -> 0 | H52: =SUM(H44:H50) -> 0 | I52: =SUM(I44:I50) -> 0 | ... AF52: =SUM(AF44:AF50) -> 0 | AG52: =IF((SUM(B52:AF52)=SUM(AG44:AG51)),(SUM(B52:AF52)),"error") -> 0 | AH52: ='Data Sheet'!D63 -> 0 | AI52: =AG52-AH52 -> 0
A53: TOTAL OUTGO | B53: =(B41+B52) -> 0 | C53: =(C41+C52) -> 0 | D53: =(D41+D52) -> 0 | E53: =(E41+E52) -> 0 | F53: =(F41+F52) -> 0 | G53: =(G41+G52) -> 0 | H53: =(H41+H52) -> 0 | I53: =(I41+I52) -> 0 | ... AF53: =(AF41+AF52) -> 0 | AG53: =SUM(B53:AF53) -> 0 | AH53: ='Data Sheet'!D64 -> 0 | AI53: =AG53-AH53 -> 0
A54: =A1 -> February | AG54: =(AG10-AG53) -> 0 | AH54: ='Data Sheet'!D66 -> 0 | AI54: =AG54-AH54 -> 0
A55: ='Data Sheet'!B13 -> Enter Year Here

Sheet Mar
A1: March
A2: ='Data Sheet'!B13 -> Enter Year Here | B2: 1 | C2: 2 | D2: 3 | E2: 4 | F2: 5 | G2: 6 | H2: 7 | I2: 8 | J2: 9 | K2: 10 | L2: 11 | M2: 12 | N2: 13 | O2: 14 | P2: 15 | Q2: 16 | R2: 17 | S2: 18 | T2: 19 | U2: 20 | V2: 21 | W2: 22 | X2: 23 | Y2: 24 | Z2: 25 | AA2: 26 | AB2: 27 | AC2: 28 | AD2: 29 | AE2: 30 | AF2: 31 | AG2: Total | AH2: Bud. Total | AI2: Over/(Under)
A4: INCOME | B4: 1 | C4: 2 | D4: 3 | E4: 4 | F4: 5 | G4: 6 | H4: 7 | I4: 8 | J4: 9 | K4: 10 | L4: 11 | M4: 12 | N4: 13 | O4: 14 | P4: 15 | Q4: 16 | R4: 17 | S4: 18 | T4: 19 | U4: 20 | V4: 21 | W4: 22 | X4: 23 | Y4: 24 | Z4: 25 | AA4: 26 | AB4: 27 | AC4: 28 | AD4: 29 | AE4: 30 | AF4: 31 | AG4: Total | AH4: Bud. Total | AI4: Over/(Under)
A5: ='Data Sheet'!B16 -> Source 1 | AG5: =SUM(B5:AF5) -> 0 | AH5: ='Data Sheet'!E16 -> 0 | AI5: =AG5-AH5 -> 0
A6: ='Data Sheet'!B17 -> Source 2 | AG6: =SUM(B6:AF6) -> 0 | AH6: ='Data Sheet'!E17 -> 0 | AI6: =AG6-AH6 -> 0
A7: ='Data Sheet'!B18 -> Source 3 | AG7: =SUM(B7:AF7) -> 0 | AH7: ='Data Sheet'!E18 -> 0 | AI7: =AG7-AH7 -> 0
A8: ='Data Sheet'!B19 -> Source 4 | AG8: =SUM(B8:AF8) -> 0 | AH8: ='Data Sheet'!E19 -> 0 | AI8: =AG8-AH8 -> 0
A9: ='Data Sheet'!B20 -> Notes (text) | AG9: N/A | AH9: ='Data Sheet'!E20 -> N/A | AI9: N/A
A10: Total Income | B10: =SUM(B5:B9) -> 0 | C10: =SUM(C5:C9) -> 0 | D10: =SUM(D5:D9) -> 0 | E10: =SUM(E5:E9) -> 0 | F10: =SUM(F5:F9) -> 0 | G10: =SUM(G5:G9) -> 0 | H10: =SUM(H5:H9) -> 0 | I10: =SUM(I5:I9) -> 0 | ... AF10: =SUM(AF5:AF9) -> 0 | AG10: =IF((SUM(B10:AF10)=SUM(AG5:AG9)),(SUM(B10:AF10)),"error") -> 0 | AH10: ='Data Sheet'!E21 -> 0 | AI10: =AG10-AH10 -> 0
A12: OUTGO | B12: 1 | C12: 2 | D12: 3 | E12: 4 | F12: 5 | G12: 6 | H12: 7 | I12: 8 | J12: 9 | K12: 10 | L12: 11 | M12: 12 | N12: 13 | O12: 14 | P12: 15 | Q12: 16 | R12: 17 | S12: 18 | T12: 19 | U12: 20 | V12: 21 | W12: 22 | X12: 23 | Y12: 24 | Z12: 25 | AA12: 26 | AB12: 27 | AC12: 28 | AD12: 29 | AE12: 30 | AF12: 31 | AG12: Total | AH12: =AH4 -> Bud. Total | AI12: Over/(Under)
A13: ='Data Sheet'!B24 -> Food and Household | AG13: =SUM(B13:AF13) -> 0 | AH13: ='Data Sheet'!E24 -> 0 | AI13: =AG13-AH13 -> 0
A14: ='Data Sheet'!B25 -> Mortgage or Rent | AG14: =SUM(B14:AF14) -> 0 | AH14: ='Data Sheet'!E25 -> 0 | AI14: =AG14-AH14 -> 0
A15: ='Data Sheet'!B26 -> Association Dues | AG15: =SUM(B15:AF15) -> 0 | AH15: ='Data Sheet'!E26 -> 0 | AI15: =AG15-AH15 -> 0
A16: ='Data Sheet'!B27 -> Car Payments | AG16: =SUM(B16:AF16) -> 0 | AH16: ='Data Sheet'!E27 -> 0 | AI16: =AG16-AH16 -> 0
A17: ='Data Sheet'!B28 -> Ins - Health | AG17: =SUM(B17:AF17) -> 0 | AH17: ='Data Sheet'!E28 -> 0 | AI17: =AG17-AH17 -> 0
A18: ='Data Sheet'!B29 -> Ins - Long Term Care | AG18: =SUM(B18:AF18) -> 0 | AH18: ='Data Sheet'!E29 -> 0 | AI18: =AG18-AH18 -> 0
A19: ='Data Sheet'!B30 -> Ins - Life | AG19: =SUM(B19:AF19) -> 0 | AH19: ='Data Sheet'!E30 -> 0 | AI19: =AG19-AH19 -> 0
A20: ='Data Sheet'!B31 -> Ins - Car | AG20: =SUM(B20:AF20) -> 0 | AH20: ='Data Sheet'!E31 -> 0 | AI20: =AG20-AH20 -> 0
A21: ='Data Sheet'!B32 -> Ins - Other | AG21: =SUM(B21:AF21) -> 0 | AH21: ='Data Sheet'!E32 -> 0 | AI21: =AG21-AH21 -> 0
A22: ='Data Sheet'!B33 -> Cell Phone | AG22: =SUM(B22:AF22) -> 0 | AH22: ='Data Sheet'!E33 -> 0 | AI22: =AG22-AH22 -> 0
A23: ='Data Sheet'!B34 -> Household Electrical | AG23: =SUM(B23:AF23) -> 0 | AH23: ='Data Sheet'!E34 -> 0 | AI23: =AG23-AH23 -> 0
A24: ='Data Sheet'!B35 -> Household Gas | AG24: =SUM(B24:AF24) -> 0 | AH24: ='Data Sheet'!E35 -> 0 | AI24: =AG24-AH24 -> 0
... A39: ='Data Sheet'!B50 -> Other | AG39: =SUM(B39:AF39) -> 0 | AH39: ='Data Sheet'!E50 -> 0 | AI39: =AG39-AH39 -> 0
A40: ='Data Sheet'!B51 -> Notes (text) | AG40: N/A | AH40: ='Data Sheet'!E51 -> N/A | AI40: N/A
A41: SUB. OUTGO | B41: =SUM(B13:B40) -> 0 | C41: =SUM(C13:C40) -> 0 | D41: =SUM(D13:D40) -> 0 | E41: =SUM(E13:E40) -> 0 | F41: =SUM(F13:F40) -> 0 | G41: =SUM(G13:G40) -> 0 | H41: =SUM(H13:H40) -> 0 | I41: =SUM(I13:I40) -> 0 | ... AF41: =SUM(AF13:AF40) -> 0 | AG41: =IF((SUM(B41:AF41)=SUM(AG13:AG40)),(SUM(B41:AF41)),"error") -> 0 | AH41: ='Data Sheet'!E52 -> 0 | AI41: =AG41-AH41 -> 0
A43: TAX DEDUCTIBLES | B43: 1 | C43: 2 | D43: 3 | E43: 4 | F43: 5 | G43: 6 | H43: 7 | I43: 8 | J43: 9 | K43: 10 | L43: 11 | M43: 12 | N43: 13 | O43: 14 | P43: 15 | Q43: 16 | R43: 17 | S43: 18 | T43: 19 | U43: 20 | V43: 21 | W43: 22 | X43: 23 | Y43: 24 | Z43: 25 | AA43: 26 | AB43: 27 | AC43: 28 | AD43: 29 | AE43: 30 | AF43: 31 | AG43: Total | AH43: =AH4 -> Bud. Total | AI43: Over/(Under)
A44: ='Data Sheet'!B55 -> Automobile Registration | AG44: =SUM(B44:AF44) -> 0 | AH44: ='Data Sheet'!E55 -> 0 | AI44: =AG44-AH44 -> 0
A45: ='Data Sheet'!B56 -> Medical Co-pays, etc | AG45: =SUM(B45:AF45) -> 0 | AH45: ='Data Sheet'!E56 -> 0 | AI45: =AG45-AH45 -> 0
A46: ='Data Sheet'!B57 -> Dental, Vision Etc. | AG46: =SUM(B46:AF46) -> 0 | AH46: ='Data Sheet'!E57 -> 0 | AI46: =AG46-AH46 -> 0
A47: ='Data Sheet'!B58 -> Child Care | AG47: =SUM(B47:AF47) -> 0 | AH47: ='Data Sheet'!E58 -> 0 | AI47: =AG47-AH47 -> 0
A48: ='Data Sheet'!B59 -> Property Taxes | AG48: =SUM(B48:AF48) -> 0 | AH48: ='Data Sheet'!E59 -> 0 | AI48: =AG48-AH48 -> 0
A49: ='Data Sheet'!B60 -> Other | AG49: =SUM(B49:AF49) -> 0 | AH49: ='Data Sheet'!E60 -> 0 | AI49: =AG49-AH49 -> 0
A50: ='Data Sheet'!B61 -> Other | AG50: =SUM(B50:AF50) -> 0 | AH50: ='Data Sheet'!E61 -> 0 | AI50: =AG50-AH50 -> 0
A51: ='Data Sheet'!B62 -> Notes (text) | AG51: N/A | AH51: ='Data Sheet'!E62 -> N/A | AI51: N/A
A52: SUB. TAX OUTGO | B52: =SUM(B44:B50) -> 0 | C52: =SUM(C44:C50) -> 0 | D52: =SUM(D44:D50) -> 0 | E52: =SUM(E44:E50) -> 0 | F52: =SUM(F44:F50) -> 0 | G52: =SUM(G44:G50) -> 0 | H52: =SUM(H44:H50) -> 0 | I52: =SUM(I44:I50) -> 0 | ... AF52: =SUM(AF44:AF50) -> 0 | AG52: =IF((SUM(B52:AF52)=SUM(AG44:AG51)),(SUM(B52:AF52)),"error") -> 0 | AH52: ='Data Sheet'!E63 -> 0 | AI52: =AG52-AH52 -> 0
A53: TOTAL OUTGO | B53: =(B41+B52) -> 0 | C53: =(C41+C52) -> 0 | D53: =(D41+D52) -> 0 | E53: =(E41+E52) -> 0 | F53: =(F41+F52) -> 0 | G53: =(G41+G52) -> 0 | H53: =(H41+H52) -> 0 | I53: =(I41+I52) -> 0 | ... AF53: =(AF41+AF52) -> 0 | AG53: =SUM(B53:AF53) -> 0 | AH53: ='Data Sheet'!E64 -> 0 | AI53: =AG53-AH53 -> 0
A54: =A1 -> March | AG54: =(AG10-AG53) -> 0 | AH54: ='Data Sheet'!E66 -> 0 | AI54: =AG54-AH54 -> 0
A55: ='Data Sheet'!B13 -> Enter Year Here

Sheet Apr
A1: April
A2: ='Data Sheet'!B13 -> Enter Year Here | B2: 1 | C2: 2 | D2: 3 | E2: 4 | F2: 5 | G2: 6 | H2: 7 | I2: 8 | J2: 9 | K2: 10 | L2: 11 | M2: 12 | N2: 13 | O2: 14 | P2: 15 | Q2: 16 | R2: 17 | S2: 18 | T2: 19 | U2: 20 | V2: 21 | W2: 22 | X2: 23 | Y2: 24 | Z2: 25 | AA2: 26 | AB2: 27 | AC2: 28 | AD2: 29 | AE2: 30 | AF2: 31 | AG2: Total | AH2: Bud. Total | AI2: Over/(Under)
A4: INCOME | B4: 1 | C4: 2 | D4: 3 | E4: 4 | F4: 5 | G4: 6 | H4: 7 | I4: 8 | J4: 9 | K4: 10 | L4: 11 | M4: 12 | N4: 13 | O4: 14 | P4: 15 | Q4: 16 | R4: 17 | S4: 18 | T4: 19 | U4: 20 | V4: 21 | W4: 22 | X4: 23 | Y4: 24 | Z4: 25 | AA4: 26 | AB4: 27 | AC4: 28 | AD4: 29 | AE4: 30 | AF4: 31 | AG4: Total | AH4: Bud. Total | AI4: Over/(Under)
A5: ='Data Sheet'!B16 -> Source 1 | AG5: =SUM(B5:AF5) -> 0 | AH5: ='Data Sheet'!F16 -> 0 | AI5: =AG5-AH5 -> 0
A6: ='Data Sheet'!B17 -> Source 2 | AG6: =SUM(B6:AF6) -> 0 | AH6: ='Data Sheet'!F17 -> 0 | AI6: =AG6-AH6 -> 0
A7: ='Data Sheet'!B18 -> Source 3 | AG7: =SUM(B7:AF7) -> 0 | AH7: ='Data Sheet'!F18 -> 0 | AI7: =AG7-AH7 -> 0
A8: ='Data Sheet'!B19 -> Source 4 | AG8: =SUM(B8:AF8) -> 0 | AH8: ='Data Sheet'!F19 -> 0 | AI8: =AG8-AH8 -> 0
A9: ='Data Sheet'!B20 -> Notes (text) | AG9: N/A | AH9: ='Data Sheet'!F20 -> N/A | AI9: N/A
A10: Total Income | B10: =SUM(B5:B9) -> 0 | C10: =SUM(C5:C9) -> 0 | D10: =SUM(D5:D9) -> 0 | E10: =SUM(E5:E9) -> 0 | F10: =SUM(F5:F9) -> 0 | G10: =SUM(G5:G9) -> 0 | H10: =SUM(H5:H9) -> 0 | I10: =SUM(I5:I9) -> 0 | ... AF10: =SUM(AF5:AF9) -> 0 | AG10: =IF((SUM(B10:AF10)=SUM(AG5:AG9)),(SUM(B10:AF10)),"error") -> 0 | AH10: ='Data Sheet'!F21 -> 0 | AI10: =AG10-AH10 -> 0
A12: OUTGO | B12: 1 | C12: 2 | D12: 3 | E12: 4 | F12: 5 | G12: 6 | H12: 7 | I12: 8 | J12: 9 | K12: 10 | L12: 11 | M12: 12 | N12: 13 | O12: 14 | P12: 15 | Q12: 16 | R12: 17 | S12: 18 | T12: 19 | U12: 20 | V12: 21 | W12: 22 | X12: 23 | Y12: 24 | Z12: 25 | AA12: 26 | AB12: 27 | AC12: 28 | AD12: 29 | AE12: 30 | AF12: 31 | AG12: Total | AH12: =AH4 -> Bud. Total | AI12: Over/(Under)
A13: ='Data Sheet'!B24 -> Food and Household | AG13: =SUM(B13:AF13) -> 0 | AH13: ='Data Sheet'!F24 -> 0 | AI13: =AG13-AH13 -> 0
A14: ='Data Sheet'!B25 -> Mortgage or Rent | AG14: =SUM(B14:AF14) -> 0 | AH14: ='Data Sheet'!F25 -> 0 | AI14: =AG14-AH14 -> 0
A15: ='Data Sheet'!B26 -> Association Dues | AG15: =SUM(B15:AF15) -> 0 | AH15: ='Data Sheet'!F26 -> 0 | AI15: =AG15-AH15 -> 0
A16: ='Data Sheet'!B27 -> Car Payments | AG16: =SUM(B16:AF16) -> 0 | AH16: ='Data Sheet'!F27 -> 0 | AI16: =AG16-AH16 -> 0
A17: ='Data Sheet'!B28 -> Ins - Health | AG17: =SUM(B17:AF17) -> 0 | AH17: ='Data Sheet'!F28 -> 0 | AI17: =AG17-AH17 -> 0
A18: ='Data Sheet'!B29 -> Ins - Long Term Care | AG18: =SUM(B18:AF18) -> 0 | AH18: ='Data Sheet'!F29 -> 0 | AI18: =AG18-AH18 -> 0
A19: ='Data Sheet'!B30 -> Ins - Life | AG19: =SUM(B19:AF19) -> 0 | AH19: ='Data Sheet'!F30 -> 0 | AI19: =AG19-AH19 -> 0
A20: ='Data Sheet'!B31 -> Ins - Car | AG20: =SUM(B20:AF20) -> 0 | AH20: ='Data Sheet'!F31 -> 0 | AI20: =AG20-AH20 -> 0
A21: ='Data Sheet'!B32 -> Ins - Other | AG21: =SUM(B21:AF21) -> 0 | AH21: ='Data Sheet'!F32 -> 0 | AI21: =AG21-AH21 -> 0
A22: ='Data Sheet'!B33 -> Cell Phone | AG22: =SUM(B22:AF22) -> 0 | AH22: ='Data Sheet'!F33 -> 0 | AI22: =AG22-AH22 -> 0
A23: ='Data Sheet'!B34 -> Household Electrical | AG23: =SUM(B23:AF23) -> 0 | AH23: ='Data Sheet'!F34 -> 0 | AI23: =AG23-AH23 -> 0
A24: ='Data Sheet'!B35 -> Household Gas | AG24: =SUM(B24:AF24) -> 0 | AH24: ='Data Sheet'!F35 -> 0 | AI24: =AG24-AH24 -> 0
... A39: ='Data Sheet'!B50 -> Other | AG39: =SUM(B39:AF39) -> 0 | AH39: ='Data Sheet'!F50 -> 0 | AI39: =AG39-AH39 -> 0
A40: ='Data Sheet'!B51 -> Notes (text) | AG40: N/A | AH40: ='Data Sheet'!F51 -> N/A | AI40: N/A
A41: SUB. OUTGO | B41: =SUM(B13:B40) -> 0 | C41: =SUM(C13:C40) -> 0 | D41: =SUM(D13:D40) -> 0 | E41: =SUM(E13:E40) -> 0 | F41: =SUM(F13:F40) -> 0 | G41: =SUM(G13:G40) -> 0 | H41: =SUM(H13:H40) -> 0 | I41: =SUM(I13:I40) -> 0 | ... AF41: =SUM(AF13:AF40) -> 0 | AG41: =IF((SUM(B41:AF41)=SUM(AG13:AG40)),(SUM(B41:AF41)),"error") -> 0 | AH41: ='Data Sheet'!F52 -> 0 | AI41: =AG41-AH41 -> 0
A43: TAX DEDUCTIBLES | B43: 1 | C43: 2 | D43: 3 | E43: 4 | F43: 5 | G43: 6 | H43: 7 | I43: 8 | J43: 9 | K43: 10 | L43: 11 | M43: 12 | N43: 13 | O43: 14 | P43: 15 | Q43: 16 | R43: 17 | S43: 18 | T43: 19 | U43: 20 | V43: 21 | W43: 22 | X43: 23 | Y43: 24 | Z43: 25 | AA43: 26 | AB43: 27 | AC43: 28 | AD43: 29 | AE43: 30 | AF43: 31 | AG43: Total | AH43: =AH4 -> Bud. Total | AI43: Over/(Under)
A44: ='Data Sheet'!B55 -> Automobile Registration | AG44: =SUM(B44:AF44) -> 0 | AH44: ='Data Sheet'!F55 -> 0 | AI44: =AG44-AH44 -> 0
A45: ='Data Sheet'!B56 -> Medical Co-pays, etc | AG45: =SUM(B45:AF45) -> 0 | AH45: ='Data Sheet'!F56 -> 0 | AI45: =AG45-AH45 -> 0
A46: ='Data Sheet'!B57 -> Dental, Vision Etc. | AG46: =SUM(B46:AF46) -> 0 | AH46: ='Data Sheet'!F57 -> 0 | AI46: =AG46-AH46 -> 0
A47: ='Data Sheet'!B58 -> Child Care | AG47: =SUM(B47:AF47) -> 0 | AH47: ='Data Sheet'!F58 -> 0 | AI47: =AG47-AH47 -> 0
A48: ='Data Sheet'!B59 -> Property Taxes | AG48: =SUM(B48:AF48) -> 0 | AH48: ='Data Sheet'!F59 -> 0 | AI48: =AG48-AH48 -> 0
A49: ='Data Sheet'!B60 -> Other | AG49: =SUM(B49:AF49) -> 0 | AH49: ='Data Sheet'!F60 -> 0 | AI49: =AG49-AH49 -> 0
A50: ='Data Sheet'!B61 -> Other | AG50: =SUM(B50:AF50) -> 0 | AH50: ='Data Sheet'!F61 -> 0 | AI50: =AG50-AH50 -> 0
A51: ='Data Sheet'!B62 -> Notes (text) | AG51: N/A | AH51: ='Data Sheet'!F62 -> N/A | AI51: N/A
A52: SUB. TAX OUTGO | B52: =SUM(B44:B50) -> 0 | C52: =SUM(C44:C50) -> 0 | D52: =SUM(D44:D50) -> 0 | E52: =SUM(E44:E50) -> 0 | F52: =SUM(F44:F50) -> 0 | G52: =SUM(G44:G50) -> 0 | H52: =SUM(H44:H50) -> 0 | I52: =SUM(I44:I50) -> 0 | ... AF52: =SUM(AF44:AF50) -> 0 | AG52: =IF((SUM(B52:AF52)=SUM(AG44:AG51)),(SUM(B52:AF52)),"error") -> 0 | AH52: ='Data Sheet'!F63 -> 0 | AI52: =AG52-AH52 -> 0
A53: TOTAL OUTGO | B53: =(B41+B52) -> 0 | C53: =(C41+C52) -> 0 | D53: =(D41+D52) -> 0 | E53: =(E41+E52) -> 0 | F53: =(F41+F52) -> 0 | G53: =(G41+G52) -> 0 | H53: =(H41+H52) -> 0 | I53: =(I41+I52) -> 0 | ... AF53: =(AF41+AF52) -> 0 | AG53: =SUM(B53:AF53) -> 0 | AH53: ='Data Sheet'!F64 -> 0 | AI53: =AG53-AH53 -> 0
A54: =A1 -> April | AG54: =(AG10-AG53) -> 0 | AH54: ='Data Sheet'!F66 -> 0 | AI54: =AG54-AH54 -> 0
A55: ='Data Sheet'!B13 -> Enter Year Here

Sheet May
A1: May
A2: ='Data Sheet'!B13 -> Enter Year Here | B2: 1 | C2: 2 | D2: 3 | E2: 4 | F2: 5 | G2: 6 | H2: 7 | I2: 8 | J2: 9 | K2: 10 | L2: 11 | M2: 12 | N2: 13 | O2: 14 | P2: 15 | Q2: 16 | R2: 17 | S2: 18 | T2: 19 | U2: 20 | V2: 21 | W2: 22 | X2: 23 | Y2: 24 | Z2: 25 | AA2: 26 | AB2: 27 | AC2: 28 | AD2: 29 | AE2: 30 | AF2: 31 | AG2: Total | AH2: Bud. Total | AI2: Over/(Under)
A4: INCOME | B4: 1 | C4: 2 | D4: 3 | E4: 4 | F4: 5 | G4: 6 | H4: 7 | I4: 8 | J4: 9 | K4: 10 | L4: 11 | M4: 12 | N4: 13 | O4: 14 | P4: 15 | Q4: 16 | R4: 17 | S4: 18 | T4: 19 | U4: 20 | V4: 21 | W4: 22 | X4: 23 | Y4: 24 | Z4: 25 | AA4: 26 | AB4: 27 | AC4: 28 | AD4: 29 | AE4: 30 | AF4: 31 | AG4: Total | AH4: Bud. Total | AI4: Over/(Under)
A5: ='Data Sheet'!B16 -> Source 1 | AG5: =SUM(B5:AF5) -> 0 | AH5: ='Data Sheet'!G16 -> 0 | AI5: =AG5-AH5 -> 0
A6: ='Data Sheet'!B17 -> Source 2 | AG6: =SUM(B6:AF6) -> 0 | AH6: ='Data Sheet'!G17 -> 0 | AI6: =AG6-AH6 -> 0
A7: ='Data Sheet'!B18 -> Source 3 | AG7: =SUM(B7:AF7) -> 0 | AH7: ='Data Sheet'!G18 -> 0 | AI7: =AG7-AH7 -> 0
A8: ='Data Sheet'!B19 -> Source 4 | AG8: =SUM(B8:AF8) -> 0 | AH8: ='Data Sheet'!G19 -> 0 | AI8: =AG8-AH8 -> 0
A9: ='Data Sheet'!B20 -> Notes (text) | AG9: N/A | AH9: ='Data Sheet'!G20 -> N/A | AI9: N/A
A10: Total Income | B10: =SUM(B5:B9) -> 0 | C10: =SUM(C5:C9) -> 0 | D10: =SUM(D5:D9) -> 0 | E10: =SUM(E5:E9) -> 0 | F10: =SUM(F5:F9) -> 0 | G10: =SUM(G5:G9) -> 0 | H10: =SUM(H5:H9) -> 0 | I10: =SUM(I5:I9) -> 0 | ... AF10: =SUM(AF5:AF9) -> 0 | AG10: =IF((SUM(B10:AF10)=SUM(AG5:AG9)),(SUM(B10:AF10)),"error") -> 0 | AH10: ='Data Sheet'!G21 -> 0 | AI10: =AG10-AH10 -> 0
A12: OUTGO | B12: 1 | C12: 2 | D12: 3 | E12: 4 | F12: 5 | G12: 6 | H12: 7 | I12: 8 | J12: 9 | K12: 10 | L12: 11 | M12: 12 | N12: 13 | O12: 14 | P12: 15 | Q12: 16 | R12: 17 | S12: 18 | T12: 19 | U12: 20 | V12: 21 | W12: 22 | X12: 23 | Y12: 24 | Z12: 25 | AA12: 26 | AB12: 27 | AC12: 28 | AD12: 29 | AE12: 30 | AF12: 31 | AG12: Total | AH12: =AH4 -> Bud. Total | AI12: Over/(Under)
A13: ='Data Sheet'!B24 -> Food and Household | AG13: =SUM(B13:AF13) -> 0 | AH13: ='Data Sheet'!G24 -> 0 | AI13: =AG13-AH13 -> 0
A14: ='Data Sheet'!B25 -> Mortgage or Rent | AG14: =SUM(B14:AF14) -> 0 | AH14: ='Data Sheet'!G25 -> 0 | AI14: =AG14-AH14 -> 0
A15: ='Data Sheet'!B26 -> Association Dues | AG15: =SUM(B15:AF15) -> 0 | AH15: ='Data Sheet'!G26 -> 0 | AI15: =AG15-AH15 -> 0
A16: ='Data Sheet'!B27 -> Car Payments | AG16: =SUM(B16:AF16) -> 0 | AH16: ='Data Sheet'!G27 -> 0 | AI16: =AG16-AH16 -> 0
A17: ='Data Sheet'!B28 -> Ins - Health | AG17: =SUM(B17:AF17) -> 0 | AH17: ='Data Sheet'!G28 -> 0 | AI17: =AG17-AH17 -> 0
A18: ='Data Sheet'!B29 -> Ins - Long Term Care | AG18: =SUM(B18:AF18) -> 0 | AH18: ='Data Sheet'!G29 -> 0 | AI18: =AG18-AH18 -> 0
A19: ='Data Sheet'!B30 -> Ins - Life | AG19: =SUM(B19:AF19) -> 0 | AH19: ='Data Sheet'!G30 -> 0 | AI19: =AG19-AH19 -> 0
A20: ='Data Sheet'!B31 -> Ins - Car | AG20: =SUM(B20:AF20) -> 0 | AH20: ='Data Sheet'!G31 -> 0 | AI20: =AG20-AH20 -> 0
A21: ='Data Sheet'!B32 -> Ins - Other | AG21: =SUM(B21:AF21) -> 0 | AH21: ='Data Sheet'!G32 -> 0 | AI21: =AG21-AH21 -> 0
A22: ='Data Sheet'!B33 -> Cell Phone | AG22: =SUM(B22:AF22) -> 0 | AH22: ='Data Sheet'!G33 -> 0 | AI22: =AG22-AH22 -> 0
A23: ='Data Sheet'!B34 -> Household Electrical | AG23: =SUM(B23:AF23) -> 0 | AH23: ='Data Sheet'!G34 -> 0 | AI23: =AG23-AH23 -> 0
A24: ='Data Sheet'!B35 -> Household Gas | AG24: =SUM(B24:AF24) -> 0 | AH24: ='Data Sheet'!G35 -> 0 | AI24: =AG24-AH24 -> 0
... A39: ='Data Sheet'!B50 -> Other | AG39: =SUM(B39:AF39) -> 0 | AH39: ='Data Sheet'!G50 -> 0 | AI39: =AG39-AH39 -> 0
A40: ='Data Sheet'!B51 -> Notes (text) | AG40: N/A | AH40: ='Data Sheet'!G51 -> N/A | AI40: N/A
A41: SUB. OUTGO | B41: =SUM(B13:B40) -> 0 | C41: =SUM(C13:C40) -> 0 | D41: =SUM(D13:D40) -> 0 | E41: =SUM(E13:E40) -> 0 | F41: =SUM(F13:F40) -> 0 | G41: =SUM(G13:G40) -> 0 | H41: =SUM(H13:H40) -> 0 | I41: =SUM(I13:I40) -> 0 | ... AF41: =SUM(AF13:AF40) -> 0 | AG41: =IF((SUM(B41:AF41)=SUM(AG13:AG40)),(SUM(B41:AF41)),"error") -> 0 | AH41: ='Data Sheet'!G52 -> 0 | AI41: =AG41-AH41 -> 0
A43: TAX DEDUCTIBLES | B43: 1 | C43: 2 | D43: 3 | E43: 4 | F43: 5 | G43: 6 | H43: 7 | I43: 8 | J43: 9 | K43: 10 | L43: 11 | M43: 12 | N43: 13 | O43: 14 | P43: 15 | Q43: 16 | R43: 17 | S43: 18 | T43: 19 | U43: 20 | V43: 21 | W43: 22 | X43: 23 | Y43: 24 | Z43: 25 | AA43: 26 | AB43: 27 | AC43: 28 | AD43: 29 | AE43: 30 | AF43: 31 | AG43: Total | AH43: =AH4 -> Bud. Total | AI43: Over/(Under)
A44: ='Data Sheet'!B55 -> Automobile Registration | AG44: =SUM(B44:AF44) -> 0 | AH44: ='Data Sheet'!G55 -> 0 | AI44: =AG44-AH44 -> 0
A45: ='Data Sheet'!B56 -> Medical Co-pays, etc | AG45: =SUM(B45:AF45) -> 0 | AH45: ='Data Sheet'!G56 -> 0 | AI45: =AG45-AH45 -> 0
A46: ='Data Sheet'!B57 -> Dental, Vision Etc. | AG46: =SUM(B46:AF46) -> 0 | AH46: ='Data Sheet'!G57 -> 0 | AI46: =AG46-AH46 -> 0
A47: ='Data Sheet'!B58 -> Child Care | AG47: =SUM(B47:AF47) -> 0 | AH47: ='Data Sheet'!G58 -> 0 | AI47: =AG47-AH47 -> 0
A48: ='Data Sheet'!B59 -> Property Taxes | AG48: =SUM(B48:AF48) -> 0 | AH48: ='Data Sheet'!G59 -> 0 | AI48: =AG48-AH48 -> 0
A49: ='Data Sheet'!B60 -> Other | AG49: =SUM(B49:AF49) -> 0 | AH49: ='Data Sheet'!G60 -> 0 | AI49: =AG49-AH49 -> 0
A50: ='Data Sheet'!B61 -> Other | AG50: =SUM(B50:AF50) -> 0 | AH50: ='Data Sheet'!G61 -> 0 | AI50: =AG50-AH50 -> 0
A51: ='Data Sheet'!B62 -> Notes (text) | AG51: N/A | AH51: ='Data Sheet'!G62 -> N/A | AI51: N/A
A52: SUB. TAX OUTGO | B52: =SUM(B44:B50) -> 0 | C52: =SUM(C44:C50) -> 0 | D52: =SUM(D44:D50) -> 0 | E52: =SUM(E44:E50) -> 0 | F52: =SUM(F44:F50) -> 0 | G52: =SUM(G44:G50) -> 0 | H52: =SUM(H44:H50) -> 0 | I52: =SUM(I44:I50) -> 0 | ... AF52: =SUM(AF44:AF50) -> 0 | AG52: =IF((SUM(B52:AF52)=SUM(AG44:AG51)),(SUM(B52:AF52)),"error") -> 0 | AH52: ='Data Sheet'!G63 -> 0 | AI52: =AG52-AH52 -> 0
A53: TOTAL OUTGO | B53: =(B41+B52) -> 0 | C53: =(C41+C52) -> 0 | D53: =(D41+D52) -> 0 | E53: =(E41+E52) -> 0 | F53: =(F41+F52) -> 0 | G53: =(G41+G52) -> 0 | H53: =(H41+H52) -> 0 | I53: =(I41+I52) -> 0 | ... AF53: =(AF41+AF52) -> 0 | AG53: =SUM(B53:AF53) -> 0 | AH53: ='Data Sheet'!G64 -> 0 | AI53: =AG53-AH53 -> 0
A54: =A1 -> May | AG54: =(AG10-AG53) -> 0 | AH54: ='Data Sheet'!G66 -> 0 | AI54: =AG54-AH54 -> 0
A55: ='Data Sheet'!B13 -> Enter Year Here

Sheet Jun
A1: June
A2: ='Data Sheet'!B13 -> Enter Year Here | B2: 1 | C2: 2 | D2: 3 | E2: 4 | F2: 5 | G2: 6 | H2: 7 | I2: 8 | J2: 9 | K2: 10 | L2: 11 | M2: 12 | N2: 13 | O2: 14 | P2: 15 | Q2: 16 | R2: 17 | S2: 18 | T2: 19 | U2: 20 | V2: 21 | W2: 22 | X2: 23 | Y2: 24 | Z2: 25 | AA2: 26 | AB2: 27 | AC2: 28 | AD2: 29 | AE2: 30 | AF2: 31 | AG2: Total | AH2: Bud. Total | AI2: Over/(Under)
A4: INCOME | B4: 1 | C4: 2 | D4: 3 | E4: 4 | F4: 5 | G4: 6 | H4: 7 | I4: 8 | J4: 9 | K4: 10 | L4: 11 | M4: 12 | N4: 13 | O4: 14 | P4: 15 | Q4: 16 | R4: 17 | S4: 18 | T4: 19 | U4: 20 | V4: 21 | W4: 22 | X4: 23 | Y4: 24 | Z4: 25 | AA4: 26 | AB4: 27 | AC4: 28 | AD4: 29 | AE4: 30 | AF4: 31 | AG4: Total | AH4: Bud. Total | AI4: Over/(Under)
A5: ='Data Sheet'!B16 -> Source 1 | AG5: =SUM(B5:AF5) -> 0 | AH5: ='Data Sheet'!H16 -> 0 | AI5: =AG5-AH5 -> 0
A6: ='Data Sheet'!B17 -> Source 2 | AG6: =SUM(B6:AF6) -> 0 | AH6: ='Data Sheet'!H17 -> 0 | AI6: =AG6-AH6 -> 0
A7: ='Data Sheet'!B18 -> Source 3 | AG7: =SUM(B7:AF7) -> 0 | AH7: ='Data Sheet'!H18 -> 0 | AI7: =AG7-AH7 -> 0
A8: ='Data Sheet'!B19 -> Source 4 | AG8: =SUM(B8:AF8) -> 0 | AH8: ='Data Sheet'!H19 -> 0 | AI8: =AG8-AH8 -> 0
A9: ='Data Sheet'!B20 -> Notes (text) | AG9: N/A | AH9: ='Data Sheet'!H20 -> N/A | AI9: N/A
A10: Total Income | B10: =SUM(B5:B9) -> 0 | C10: =SUM(C5:C9) -> 0 | D10: =SUM(D5:D9) -> 0 | E10: =SUM(E5:E9) -> 0 | F10: =SUM(F5:F9) -> 0 | G10: =SUM(G5:G9) -> 0 | H10: =SUM(H5:H9) -> 0 | I10: =SUM(I5:I9) -> 0 | ... AF10: =SUM(AF5:AF9) -> 0 | AG10: =IF((SUM(B10:AF10)=SUM(AG5:AG9)),(SUM(B10:AF10)),"error") -> 0 | AH10: ='Data Sheet'!H21 -> 0 | AI10: =AG10-AH10 -> 0
A12: OUTGO | B12: 1 | C12: 2 | D12: 3 | E12: 4 | F12: 5 | G12: 6 | H12: 7 | I12: 8 | J12: 9 | K12: 10 | L12: 11 | M12: 12 | N12: 13 | O12: 14 | P12: 15 | Q12: 16 | R12: 17 | S12: 18 | T12: 19 | U12: 20 | V12: 21 | W12: 22 | X12: 23 | Y12: 24 | Z12: 25 | AA12: 26 | AB12: 27 | AC12: 28 | AD12: 29 | AE12: 30 | AF12: 31 | AG12: Total | AH12: =AH4 -> Bud. Total | AI12: Over/(Under)
A13: ='Data Sheet'!B24 -> Food and Household | AG13: =SUM(B13:AF13) -> 0 | AH13: ='Data Sheet'!H24 -> 0 | AI13: =AG13-AH13 -> 0
A14: ='Data Sheet'!B25 -> Mortgage or Rent | AG14: =SUM(B14:AF14) -> 0 | AH14: ='Data Sheet'!H25 -> 0 | AI14: =AG14-AH14 -> 0
A15: ='Data Sheet'!B26 -> Association Dues | AG15: =SUM(B15:AF15) -> 0 | AH15: ='Data Sheet'!H26 -> 0 | AI15: =AG15-AH15 -> 0
A16: ='Data Sheet'!B27 -> Car Payments | AG16: =SUM(B16:AF16) -> 0 | AH16: ='Data Sheet'!H27 -> 0 | AI16: =AG16-AH16 -> 0
A17: ='Data Sheet'!B28 -> Ins - Health | AG17: =SUM(B17:AF17) -> 0 | AH17: ='Data Sheet'!H28 -> 0 | AI17: =AG17-AH17 -> 0
A18: ='Data Sheet'!B29 -> Ins - Long Term Care | AG18: =SUM(B18:AF18) -> 0 | AH18: ='Data Sheet'!H29 -> 0 | AI18: =AG18-AH18 -> 0
A19: ='Data Sheet'!B30 -> Ins - Life | AG19: =SUM(B19:AF19) -> 0 | AH19: ='Data Sheet'!H30 -> 0 | AI19: =AG19-AH19 -> 0
A20: ='Data Sheet'!B31 -> Ins - Car | AG20: =SUM(B20:AF20) -> 0 | AH20: ='Data Sheet'!H31 -> 0 | AI20: =AG20-AH20 -> 0
A21: ='Data Sheet'!B32 -> Ins - Other | AG21: =SUM(B21:AF21) -> 0 | AH21: ='Data Sheet'!H32 -> 0 | AI21: =AG21-AH21 -> 0
A22: ='Data Sheet'!B33 -> Cell Phone | AG22: =SUM(B22:AF22) -> 0 | AH22: ='Data Sheet'!H33 -> 0 | AI22: =AG22-AH22 -> 0
A23: ='Data Sheet'!B34 -> Household Electrical | AG23: =SUM(B23:AF23) -> 0 | AH23: ='Data Sheet'!H34 -> 0 | AI23: =AG23-AH23 -> 0
A24: ='Data Sheet'!B35 -> Household Gas | AG24: =SUM(B24:AF24) -> 0 | AH24: ='Data Sheet'!H35 -> 0 | AI24: =AG24-AH24 -> 0
... A39: ='Data Sheet'!B50 -> Other | AG39: =SUM(B39:AF39) -> 0 | AH39: ='Data Sheet'!H50 -> 0 | AI39: =AG39-AH39 -> 0
A40: ='Data Sheet'!B51 -> Notes (text) | AG40: N/A | AH40: ='Data Sheet'!H51 -> N/A | AI40: N/A
A41: SUB. OUTGO | B41: =SUM(B13:B40) -> 0 | C41: =SUM(C13:C40) -> 0 | D41: =SUM(D13:D40) -> 0 | E41: =SUM(E13:E40) -> 0 | F41: =SUM(F13:F40) -> 0 | G41: =SUM(G13:G40) -> 0 | H41: =SUM(H13:H40) -> 0 | I41: =SUM(I13:I40) -> 0 | ... AF41: =SUM(AF13:AF40) -> 0 | AG41: =IF((SUM(B41:AF41)=SUM(AG13:AG40)),(SUM(B41:AF41)),"error") -> 0 | AH41: ='Data Sheet'!H52 -> 0 | AI41: =AG41-AH41 -> 0
A43: TAX DEDUCTIBLES | B43: 1 | C43: 2 | D43: 3 | E43: 4 | F43: 5 | G43: 6 | H43: 7 | I43: 8 | J43: 9 | K43: 10 | L43: 11 | M43: 12 | N43: 13 | O43: 14 | P43: 15 | Q43: 16 | R43: 17 | S43: 18 | T43: 19 | U43: 20 | V43: 21 | W43: 22 | X43: 23 | Y43: 24 | Z43: 25 | AA43: 26 | AB43: 27 | AC43: 28 | AD43: 29 | AE43: 30 | AF43: 31 | AG43: Total | AH43: =AH4 -> Bud. Total | AI43: Over/(Under)
A44: ='Data Sheet'!B55 -> Automobile Registration | AG44: =SUM(B44:AF44) -> 0 | AH44: ='Data Sheet'!H55 -> 0 | AI44: =AG44-AH44 -> 0
A45: ='Data Sheet'!B56 -> Medical Co-pays, etc | AG45: =SUM(B45:AF45) -> 0 | AH45: ='Data Sheet'!H56 -> 0 | AI45: =AG45-AH45 -> 0
A46: ='Data Sheet'!B57 -> Dental, Vision Etc. | AG46: =SUM(B46:AF46) -> 0 | AH46: ='Data Sheet'!H57 -> 0 | AI46: =AG46-AH46 -> 0
A47: ='Data Sheet'!B58 -> Child Care | AG47: =SUM(B47:AF47) -> 0 | AH47: ='Data Sheet'!H58 -> 0 | AI47: =AG47-AH47 -> 0
A48: ='Data Sheet'!B59 -> Property Taxes | AG48: =SUM(B48:AF48) -> 0 | AH48: ='Data Sheet'!H59 -> 0 | AI48: =AG48-AH48 -> 0
A49: ='Data Sheet'!B60 -> Other | AG49: =SUM(B49:AF49) -> 0 | AH49: ='Data Sheet'!H60 -> 0 | AI49: =AG49-AH49 -> 0
A50: ='Data Sheet'!B61 -> Other | AG50: =SUM(B50:AF50) -> 0 | AH50: ='Data Sheet'!H61 -> 0 | AI50: =AG50-AH50 -> 0
A51: ='Data Sheet'!B62 -> Notes (text) | AG51: N/A | AH51: ='Data Sheet'!H62 -> N/A | AI51: N/A
A52: SUB. TAX OUTGO | B52: =SUM(B44:B50) -> 0 | C52: =SUM(C44:C50) -> 0 | D52: =SUM(D44:D50) -> 0 | E52: =SUM(E44:E50) -> 0 | F52: =SUM(F44:F50) -> 0 | G52: =SUM(G44:G50) -> 0 | H52: =SUM(H44:H50) -> 0 | I52: =SUM(I44:I50) -> 0 | ... AF52: =SUM(AF44:AF50) -> 0 | AG52: =IF((SUM(B52:AF52)=SUM(AG44:AG51)),(SUM(B52:AF52)),"error") -> 0 | AH52: ='Data Sheet'!H63 -> 0 | AI52: =AG52-AH52 -> 0
A53: TOTAL OUTGO | B53: =(B41+B52) -> 0 | C53: =(C41+C52) -> 0 | D53: =(D41+D52) -> 0 | E53: =(E41+E52) -> 0 | F53: =(F41+F52) -> 0 | G53: =(G41+G52) -> 0 | H53: =(H41+H52) -> 0 | I53: =(I41+I52) -> 0 | ... AF53: =(AF41+AF52) -> 0 | AG53: =SUM(B53:AF53) -> 0 | AH53: ='Data Sheet'!H64 -> 0 | AI53: =AG53-AH53 -> 0
A54: =A1 -> June | AG54: =(AG10-AG53) -> 0 | AH54: ='Data Sheet'!H66 -> 0 | AI54: =AG54-AH54 -> 0
A55: ='Data Sheet'!B13 -> Enter Year Here

Sheet Jul
A1: July
A2: ='Data Sheet'!B13 -> Enter Year Here | B2: 1 | C2: 2 | D2: 3 | E2: 4 | F2: 5 | G2: 6 | H2: 7 | I2: 8 | J2: 9 | K2: 10 | L2: 11 | M2: 12 | N2: 13 | O2: 14 | P2: 15 | Q2: 16 | R2: 17 | S2: 18 | T2: 19 | U2: 20 | V2: 21 | W2: 22 | X2: 23 | Y2: 24 | Z2: 25 | AA2: 26 | AB2: 27 | AC2: 28 | AD2: 29 | AE2: 30 | AF2: 31 | AG2: Total | AH2: Bud. Total | AI2: Over/(Under)
A4: INCOME | B4: 1 | C4: 2 | D4: 3 | E4: 4 | F4: 5 | G4: 6 | H4: 7 | I4: 8 | J4: 9 | K4: 10 | L4: 11 | M4: 12 | N4: 13 | O4: 14 | P4: 15 | Q4: 16 | R4: 17 | S4: 18 | T4: 19 | U4: 20 | V4: 21 | W4: 22 | X4: 23 | Y4: 24 | Z4: 25 | AA4: 26 | AB4: 27 | AC4: 28 | AD4: 29 | AE4: 30 | AF4: 31 | AG4: Total | AH4: Bud. Total | AI4: Over/(Under)
A5: ='Data Sheet'!B16 -> Source 1 | AG5: =SUM(B5:AF5) -> 0 | AH5: ='Data Sheet'!I16 -> 0 | AI5: =AG5-AH5 -> 0
A6: ='Data Sheet'!B17 -> Source 2 | AG6: =SUM(B6:AF6) -> 0 | AH6: ='Data Sheet'!I17 -> 0 | AI6: =AG6-AH6 -> 0
A7: ='Data Sheet'!B18 -> Source 3 | AG7: =SUM(B7:AF7) -> 0 | AH7: ='Data Sheet'!I18 -> 0 | AI7: =AG7-AH7 -> 0
A8: ='Data Sheet'!B19 -> Source 4 | AG8: =SUM(B8:AF8) -> 0 | AH8: ='Data Sheet'!I19 -> 0 | AI8: =AG8-AH8 -> 0
A9: ='Data Sheet'!B20 -> Notes (text) | AG9: N/A | AH9: ='Data Sheet'!I20 -> N/A | AI9: N/A
A10: Total Income | B10: =SUM(B5:B9) -> 0 | C10: =SUM(C5:C9) -> 0 | D10: =SUM(D5:D9) -> 0 | E10: =SUM(E5:E9) -> 0 | F10: =SUM(F5:F9) -> 0 | G10: =SUM(G5:G9) -> 0 | H10: =SUM(H5:H9) -> 0 | I10: =SUM(I5:I9) -> 0 | ... AF10: =SUM(AF5:AF9) -> 0 | AG10: =IF((SUM(B10:AF10)=SUM(AG5:AG9)),(SUM(B10:AF10)),"error") -> 0 | AH10: ='Data Sheet'!I21 -> 0 | AI10: =AG10-AH10 -> 0
A12: OUTGO | B12: 1 | C12: 2 | D12: 3 | E12: 4 | F12: 5 | G12: 6 | H12: 7 | I12: 8 | J12: 9 | K12: 10 | L12: 11 | M12: 12 | N12: 13 | O12: 14 | P12: 15 | Q12: 16 | R12: 17 | S12: 18 | T12: 19 | U12: 20 | V12: 21 | W12: 22 | X12: 23 | Y12: 24 | Z12: 25 | AA12: 26 | AB12: 27 | AC12: 28 | AD12: 29 | AE12: 30 | AF12: 31 | AG12: Total | AH12: =AH4 -> Bud. Total | AI12: Over/(Under)
A13: ='Data Sheet'!B24 -> Food and Household | AG13: =SUM(B13:AF13) -> 0 | AH13: ='Data Sheet'!I24 -> 0 | AI13: =AG13-AH13 -> 0
A14: ='Data Sheet'!B25 -> Mortgage or Rent | AG14: =SUM(B14:AF14) -> 0 | AH14: ='Data Sheet'!I25 -> 0 | AI14: =AG14-AH14 -> 0
A15: ='Data Sheet'!B26 -> Association Dues | AG15: =SUM(B15:AF15) -> 0 | AH15: ='Data Sheet'!I26 -> 0 | AI15: =AG15-AH15 -> 0
A16: ='Data Sheet'!B27 -> Car Payments | AG16: =SUM(B16:AF16) -> 0 | AH16: ='Data Sheet'!I27 -> 0 | AI16: =AG16-AH16 -> 0
A17: ='Data Sheet'!B28 -> Ins - Health | AG17: =SUM(B17:AF17) -> 0 | AH17: ='Data Sheet'!I28 -> 0 | AI17: =AG17-AH17 -> 0
A18: ='Data Sheet'!B29 -> Ins - Long Term Care | AG18: =SUM(B18:AF18) -> 0 | AH18: ='Data Sheet'!I29 -> 0 | AI18: =AG18-AH18 -> 0
A19: ='Data Sheet'!B30 -> Ins - Life | AG19: =SUM(B19:AF19) -> 0 | AH19: ='Data Sheet'!I30 -> 0 | AI19: =AG19-AH19 -> 0
A20: ='Data Sheet'!B31 -> Ins - Car | AG20: =SUM(B20:AF20) -> 0 | AH20: ='Data Sheet'!I31 -> 0 | AI20: =AG20-AH20 -> 0
A21: ='Data Sheet'!B32 -> Ins - Other | AG21: =SUM(B21:AF21) -> 0 | AH21: ='Data Sheet'!I32 -> 0 | AI21: =AG21-AH21 -> 0
A22: ='Data Sheet'!B33 -> Cell Phone | AG22: =SUM(B22:AF22) -> 0 | AH22: ='Data Sheet'!I33 -> 0 | AI22: =AG22-AH22 -> 0
A23: ='Data Sheet'!B34 -> Household Electrical | AG23: =SUM(B23:AF23) -> 0 | AH23: ='Data Sheet'!I34 -> 0 | AI23: =AG23-AH23 -> 0
A24: ='Data Sheet'!B35 -> Household Gas | AG24: =SUM(B24:AF24) -> 0 | AH24: ='Data Sheet'!I35 -> 0 | AI24: =AG24-AH24 -> 0
... A39: ='Data Sheet'!B50 -> Other | AG39: =SUM(B39:AF39) -> 0 | AH39: ='Data Sheet'!I50 -> 0 | AI39: =AG39-AH39 -> 0
A40: ='Data Sheet'!B51 -> Notes (text) | AG40: N/A | AH40: ='Data Sheet'!I51 -> N/A | AI40: N/A
A41: SUB. OUTGO | B41: =SUM(B13:B40) -> 0 | C41: =SUM(C13:C40) -> 0 | D41: =SUM(D13:D40) -> 0 | E41: =SUM(E13:E40) -> 0 | F41: =SUM(F13:F40) -> 0 | G41: =SUM(G13:G40) -> 0 | H41: =SUM(H13:H40) -> 0 | I41: =SUM(I13:I40) -> 0 | ... AF41: =SUM(AF13:AF40) -> 0 | AG41: =IF((SUM(B41:AF41)=SUM(AG13:AG40)),(SUM(B41:AF41)),"error") -> 0 | AH41: ='Data Sheet'!I52 -> 0 | AI41: =AG41-AH41 -> 0
A43: TAX DEDUCTIBLES | B43: 1 | C43: 2 | D43: 3 | E43: 4 | F43: 5 | G43: 6 | H43: 7 | I43: 8 | J43: 9 | K43: 10 | L43: 11 | M43: 12 | N43: 13 | O43: 14 | P43: 15 | Q43: 16 | R43: 17 | S43: 18 | T43: 19 | U43: 20 | V43: 21 | W43: 22 | X43: 23 | Y43: 24 | Z43: 25 | AA43: 26 | AB43: 27 | AC43: 28 | AD43: 29 | AE43: 30 | AF43: 31 | AG43: Total | AH43: =AH4 -> Bud. Total | AI43: Over/(Under)
A44: ='Data Sheet'!B55 -> Automobile Registration | AG44: =SUM(B44:AF44) -> 0 | AH44: ='Data Sheet'!I55 -> 0 | AI44: =AG44-AH44 -> 0
A45: ='Data Sheet'!B56 -> Medical Co-pays, etc | AG45: =SUM(B45:AF45) -> 0 | AH45: ='Data Sheet'!I56 -> 0 | AI45: =AG45-AH45 -> 0
A46: ='Data Sheet'!B57 -> Dental, Vision Etc. | AG46: =SUM(B46:AF46) -> 0 | AH46: ='Data Sheet'!I57 -> 0 | AI46: =AG46-AH46 -> 0
A47: ='Data Sheet'!B58 -> Child Care | AG47: =SUM(B47:AF47) -> 0 | AH47: ='Data Sheet'!I58 -> 0 | AI47: =AG47-AH47 -> 0
A48: ='Data Sheet'!B59 -> Property Taxes | AG48: =SUM(B48:AF48) -> 0 | AH48: ='Data Sheet'!I59 -> 0 | AI48: =AG48-AH48 -> 0
A49: ='Data Sheet'!B60 -> Other | AG49: =SUM(B49:AF49) -> 0 | AH49: ='Data Sheet'!I60 -> 0 | AI49: =AG49-AH49 -> 0
A50: ='Data Sheet'!B61 -> Other | AG50: =SUM(B50:AF50) -> 0 | AH50: ='Data Sheet'!I61 -> 0 | AI50: =AG50-AH50 -> 0
A51: ='Data Sheet'!B62 -> Notes (text) | AG51: N/A | AH51: ='Data Sheet'!I62 -> N/A | AI51: N/A
A52: SUB. TAX OUTGO | B52: =SUM(B44:B50) -> 0 | C52: =SUM(C44:C50) -> 0 | D52: =SUM(D44:D50) -> 0 | E52: =SUM(E44:E50) -> 0 | F52: =SUM(F44:F50) -> 0 | G52: =SUM(G44:G50) -> 0 | H52: =SUM(H44:H50) -> 0 | I52: =SUM(I44:I50) -> 0 | ... AF52: =SUM(AF44:AF50) -> 0 | AG52: =IF((SUM(B52:AF52)=SUM(AG44:AG51)),(SUM(B52:AF52)),"error") -> 0 | AH52: ='Data Sheet'!I63 -> 0 | AI52: =AG52-AH52 -> 0
A53: TOTAL OUTGO | B53: =(B41+B52) -> 0 | C53: =(C41+C52) -> 0 | D53: =(D41+D52) -> 0 | E53: =(E41+E52) -> 0 | F53: =(F41+F52) -> 0 | G53: =(G41+G52) -> 0 | H53: =(H41+H52) -> 0 | I53: =(I41+I52) -> 0 | ... AF53: =(AF41+AF52) -> 0 | AG53: =SUM(B53:AF53) -> 0 | AH53: ='Data Sheet'!I64 -> 0 | AI53: =AG53-AH53 -> 0
A54: =A1 -> July | AG54: =(AG10-AG53) -> 0 | AH54: ='Data Sheet'!I66 -> 0 | AI54: =AG54-AH54 -> 0
A55: ='Data Sheet'!B13 -> Enter Year Here

Sheet Aug
A1: August
A2: ='Data Sheet'!B13 -> Enter Year Here | B2: 1 | C2: 2 | D2: 3 | E2: 4 | F2: 5 | G2: 6 | H2: 7 | I2: 8 | J2: 9 | K2: 10 | L2: 11 | M2: 12 | N2: 13 | O2: 14 | P2: 15 | Q2: 16 | R2: 17 | S2: 18 | T2: 19 | U2: 20 | V2: 21 | W2: 22 | X2: 23 | Y2: 24 | Z2: 25 | AA2: 26 | AB2: 27 | AC2: 28 | AD2: 29 | AE2: 30 | AF2: 31 | AG2: Total | AH2: Bud. Total | AI2: Over/(Under)
A4: INCOME | B4: 1 | C4: 2 | D4: 3 | E4: 4 | F4: 5 | G4: 6 | H4: 7 | I4: 8 | J4: 9 | K4: 10 | L4: 11 | M4: 12 | N4: 13 | O4: 14 | P4: 15 | Q4: 16 | R4: 17 | S4: 18 | T4: 19 | U4: 20 | V4: 21 | W4: 22 | X4: 23 | Y4: 24 | Z4: 25 | AA4: 26 | AB4: 27 | AC4: 28 | AD4: 29 | AE4: 30 | AF4: 31 | AG4: Total | AH4: Bud. Total | AI4: Over/(Under)
A5: ='Data Sheet'!B16 -> Source 1 | AG5: =SUM(B5:AF5) -> 0 | AH5: ='Data Sheet'!J16 -> 0 | AI5: =AG5-AH5 -> 0
A6: ='Data Sheet'!B17 -> Source 2 | AG6: =SUM(B6:AF6) -> 0 | AH6: ='Data Sheet'!J17 -> 0 | AI6: =AG6-AH6 -> 0
A7: ='Data Sheet'!B18 -> Source 3 | AG7: =SUM(B7:AF7) -> 0 | AH7: ='Data Sheet'!J18 -> 0 | AI7: =AG7-AH7 -> 0
A8: ='Data Sheet'!B19 -> Source 4 | AG8: =SUM(B8:AF8) -> 0 | AH8: ='Data Sheet'!J19 -> 0 | AI8: =AG8-AH8 -> 0
A9: ='Data Sheet'!B20 -> Notes (text) | AG9: N/A | AH9: ='Data Sheet'!J20 -> N/A | AI9: N/A
A10: Total Income | B10: =SUM(B5:B9) -> 0 | C10: =SUM(C5:C9) -> 0 | D10: =SUM(D5:D9) -> 0 | E10: =SUM(E5:E9) -> 0 | F10: =SUM(F5:F9) -> 0 | G10: =SUM(G5:G9) -> 0 | H10: =SUM(H5:H9) -> 0 | I10: =SUM(I5:I9) -> 0 | ... AF10: =SUM(AF5:AF9) -> 0 | AG10: =IF((SUM(B10:AF10)=SUM(AG5:AG9)),(SUM(B10:AF10)),"error") -> 0 | AH10: ='Data Sheet'!J21 -> 0 | AI10: =AG10-AH10 -> 0
A12: OUTGO | B12: 1 | C12: 2 | D12: 3 | E12: 4 | F12: 5 | G12: 6 | H12: 7 | I12: 8 | J12: 9 | K12: 10 | L12: 11 | M12: 12 | N12: 13 | O12: 14 | P12: 15 | Q12: 16 | R12: 17 | S12: 18 | T12: 19 | U12: 20 | V12: 21 | W12: 22 | X12: 23 | Y12: 24 | Z12: 25 | AA12: 26 | AB12: 27 | AC12: 28 | AD12: 29 | AE12: 30 | AF12: 31 | AG12: Total | AH12: =AH4 -> Bud. Total | AI12: Over/(Under)
A13: ='Data Sheet'!B24 -> Food and Household | AG13: =SUM(B13:AF13) -> 0 | AH13: ='Data Sheet'!J24 -> 0 | AI13: =AG13-AH13 -> 0
A14: ='Data Sheet'!B25 -> Mortgage or Rent | AG14: =SUM(B14:AF14) -> 0 | AH14: ='Data Sheet'!J25 -> 0 | AI14: =AG14-AH14 -> 0
A15: ='Data Sheet'!B26 -> Association Dues | AG15: =SUM(B15:AF15) -> 0 | AH15: ='Data Sheet'!J26 -> 0 | AI15: =AG15-AH15 -> 0
A16: ='Data Sheet'!B27 -> Car Payments | AG16: =SUM(B16:AF16) -> 0 | AH16: ='Data Sheet'!J27 -> 0 | AI16: =AG16-AH16 -> 0
A17: ='Data Sheet'!B28 -> Ins - Health | AG17: =SUM(B17:AF17) -> 0 | AH17: ='Data Sheet'!J28 -> 0 | AI17: =AG17-AH17 -> 0
A18: ='Data Sheet'!B29 -> Ins - Long Term Care | AG18: =SUM(B18:AF18) -> 0 | AH18: ='Data Sheet'!J29 -> 0 | AI18: =AG18-AH18 -> 0
A19: ='Data Sheet'!B30 -> Ins - Life | AG19: =SUM(B19:AF19) -> 0 | AH19: ='Data Sheet'!J30 -> 0 | AI19: =AG19-AH19 -> 0
A20: ='Data Sheet'!B31 -> Ins - Car | AG20: =SUM(B20:AF20) -> 0 | AH20: ='Data Sheet'!J31 -> 0 | AI20: =AG20-AH20 -> 0
A21: ='Data Sheet'!B32 -> Ins - Other | AG21: =SUM(B21:AF21) -> 0 | AH21: ='Data Sheet'!J32 -> 0 | AI21: =AG21-AH21 -> 0
A22: ='Data Sheet'!B33 -> Cell Phone | AG22: =SUM(B22:AF22) -> 0 | AH22: ='Data Sheet'!J33 -> 0 | AI22: =AG22-AH22 -> 0
A23: ='Data Sheet'!B34 -> Household Electrical | AG23: =SUM(B23:AF23) -> 0 | AH23: ='Data Sheet'!J34 -> 0 | AI23: =AG23-AH23 -> 0
A24: ='Data Sheet'!B35 -> Household Gas | AG24: =SUM(B24:AF24) -> 0 | AH24: ='Data Sheet'!J35 -> 0 | AI24: =AG24-AH24 -> 0
... A39: ='Data Sheet'!B50 -> Other | AG39: =SUM(B39:AF39) -> 0 | AH39: ='Data Sheet'!J50 -> 0 | AI39: =AG39-AH39 -> 0
A40: ='Data Sheet'!B51 -> Notes (text) | AG40: N/A | AH40: ='Data Sheet'!J51 -> N/A | AI40: N/A
A41: SUB. OUTGO | B41: =SUM(B13:B40) -> 0 | C41: =SUM(C13:C40) -> 0 | D41: =SUM(D13:D40) -> 0 | E41: =SUM(E13:E40) -> 0 | F41: =SUM(F13:F40) -> 0 | G41: =SUM(G13:G40) -> 0 | H41: =SUM(H13:H40) -> 0 | I41: =SUM(I13:I40) -> 0 | ... AF41: =SUM(AF13:AF40) -> 0 | AG41: =IF((SUM(B41:AF41)=SUM(AG13:AG40)),(SUM(B41:AF41)),"error") -> 0 | AH41: ='Data Sheet'!J52 -> 0 | AI41: =AG41-AH41 -> 0
A43: TAX DEDUCTIBLES | B43: 1 | C43: 2 | D43: 3 | E43: 4 | F43: 5 | G43: 6 | H43: 7 | I43: 8 | J43: 9 | K43: 10 | L43: 11 | M43: 12 | N43: 13 | O43: 14 | P43: 15 | Q43: 16 | R43: 17 | S43: 18 | T43: 19 | U43: 20 | V43: 21 | W43: 22 | X43: 23 | Y43: 24 | Z43: 25 | AA43: 26 | AB43: 27 | AC43: 28 | AD43: 29 | AE43: 30 | AF43: 31 | AG43: Total | AH43: =AH4 -> Bud. Total | AI43: Over/(Under)
A44: ='Data Sheet'!B55 -> Automobile Registration | AG44: =SUM(B44:AF44) -> 0 | AH44: ='Data Sheet'!J55 -> 0 | AI44: =AG44-AH44 -> 0
A45: ='Data Sheet'!B56 -> Medical Co-pays, etc | AG45: =SUM(B45:AF45) -> 0 | AH45: ='Data Sheet'!J56 -> 0 | AI45: =AG45-AH45 -> 0
A46: ='Data Sheet'!B57 -> Dental, Vision Etc. | AG46: =SUM(B46:AF46) -> 0 | AH46: ='Data Sheet'!J57 -> 0 | AI46: =AG46-AH46 -> 0
A47: ='Data Sheet'!B58 -> Child Care | AG47: =SUM(B47:AF47) -> 0 | AH47: ='Data Sheet'!J58 -> 0 | AI47: =AG47-AH47 -> 0
A48: ='Data Sheet'!B59 -> Property Taxes | AG48: =SUM(B48:AF48) -> 0 | AH48: ='Data Sheet'!J59 -> 0 | AI48: =AG48-AH48 -> 0
A49: ='Data Sheet'!B60 -> Other | AG49: =SUM(B49:AF49) -> 0 | AH49: ='Data Sheet'!J60 -> 0 | AI49: =AG49-AH49 -> 0
A50: ='Data Sheet'!B61 -> Other | AG50: =SUM(B50:AF50) -> 0 | AH50: ='Data Sheet'!J61 -> 0 | AI50: =AG50-AH50 -> 0
A51: ='Data Sheet'!B62 -> Notes (text) | AG51: N/A | AH51: ='Data Sheet'!J62 -> N/A | AI51: N/A
A52: SUB. TAX OUTGO | B52: =SUM(B44:B50) -> 0 | C52: =SUM(C44:C50) -> 0 | D52: =SUM(D44:D50) -> 0 | E52: =SUM(E44:E50) -> 0 | F52: =SUM(F44:F50) -> 0 | G52: =SUM(G44:G50) -> 0 | H52: =SUM(H44:H50) -> 0 | I52: =SUM(I44:I50) -> 0 | ... AF52: =SUM(AF44:AF50) -> 0 | AG52: =IF((SUM(B52:AF52)=SUM(AG44:AG51)),(SUM(B52:AF52)),"error") -> 0 | AH52: ='Data Sheet'!J63 -> 0 | AI52: =AG52-AH52 -> 0
A53: TOTAL OUTGO | B53: =(B41+B52) -> 0 | C53: =(C41+C52) -> 0 | D53: =(D41+D52) -> 0 | E53: =(E41+E52) -> 0 | F53: =(F41+F52) -> 0 | G53: =(G41+G52) -> 0 | H53: =(H41+H52) -> 0 | I53: =(I41+I52) -> 0 | ... AF53: =(AF41+AF52) -> 0 | AG53: =SUM(B53:AF53) -> 0 | AH53: ='Data Sheet'!J64 -> 0 | AI53: =AG53-AH53 -> 0
A54: =A1 -> August | AG54: =(AG10-AG53) -> 0 | AH54: ='Data Sheet'!J66 -> 0 | AI54: =AG54-AH54 -> 0
A55: ='Data Sheet'!B13 -> Enter Year Here

Sheet Sep
A1: September
A2: ='Data Sheet'!B13 -> Enter Year Here | B2: 1 | C2: 2 | D2: 3 | E2: 4 | F2: 5 | G2: 6 | H2: 7 | I2: 8 | J2: 9 | K2: 10 | L2: 11 | M2: 12 | N2: 13 | O2: 14 | P2: 15 | Q2: 16 | R2: 17 | S2: 18 | T2: 19 | U2: 20 | V2: 21 | W2: 22 | X2: 23 | Y2: 24 | Z2: 25 | AA2: 26 | AB2: 27 | AC2: 28 | AD2: 29 | AE2: 30 | AF2: 31 | AG2: Total | AH2: Bud. Total | AI2: Over/(Under)
A4: INCOME | B4: 1 | C4: 2 | D4: 3 | E4: 4 | F4: 5 | G4: 6 | H4: 7 | I4: 8 | J4: 9 | K4: 10 | L4: 11 | M4: 12 | N4: 13 | O4: 14 | P4: 15 | Q4: 16 | R4: 17 | S4: 18 | T4: 19 | U4: 20 | V4: 21 | W4: 22 | X4: 23 | Y4: 24 | Z4: 25 | AA4: 26 | AB4: 27 | AC4: 28 | AD4: 29 | AE4: 30 | AF4: 31 | AG4: Total | AH4: Bud. Total | AI4: Over/(Under)
A5: ='Data Sheet'!B16 -> Source 1 | AG5: =SUM(B5:AF5) -> 0 | AH5: ='Data Sheet'!K16 -> 0 | AI5: =AG5-AH5 -> 0
A6: ='Data Sheet'!B17 -> Source 2 | AG6: =SUM(B6:AF6) -> 0 | AH6: ='Data Sheet'!K17 -> 0 | AI6: =AG6-AH6 -> 0
A7: ='Data Sheet'!B18 -> Source 3 | AG7: =SUM(B7:AF7) -> 0 | AH7: ='Data Sheet'!K18 -> 0 | AI7: =AG7-AH7 -> 0
A8: ='Data Sheet'!B19 -> Source 4 | AG8: =SUM(B8:AF8) -> 0 | AH8: ='Data Sheet'!K19 -> 0 | AI8: =AG8-AH8 -> 0
A9: ='Data Sheet'!B20 -> Notes (text) | AG9: N/A | AH9: ='Data Sheet'!K20 -> N/A | AI9: N/A
A10: Total Income | B10: =SUM(B5:B9) -> 0 | C10: =SUM(C5:C9) -> 0 | D10: =SUM(D5:D9) -> 0 | E10: =SUM(E5:E9) -> 0 | F10: =SUM(F5:F9) -> 0 | G10: =SUM(G5:G9) -> 0 | H10: =SUM(H5:H9) -> 0 | I10: =SUM(I5:I9) -> 0 | ... AF10: =SUM(AF5:AF9) -> 0 | AG10: =IF((SUM(B10:AF10)=SUM(AG5:AG9)),(SUM(B10:AF10)),"error") -> 0 | AH10: ='Data Sheet'!K21 -> 0 | AI10: =AG10-AH10 -> 0
A12: OUTGO | B12: 1 | C12: 2 | D12: 3 | E12: 4 | F12: 5 | G12: 6 | H12: 7 | I12: 8 | J12: 9 | K12: 10 | L12: 11 | M12: 12 | N12: 13 | O12: 14 | P12: 15 | Q12: 16 | R12: 17 | S12: 18 | T12: 19 | U12: 20 | V12: 21 | W12: 22 | X12: 23 | Y12: 24 | Z12: 25 | AA12: 26 | AB12: 27 | AC12: 28 | AD12: 29 | AE12: 30 | AF12: 31 | AG12: Total | AH12: =AH4 -> Bud. Total | AI12: Over/(Under)
A13: ='Data Sheet'!B24 -> Food and Household | AG13: =SUM(B13:AF13) -> 0 | AH13: ='Data Sheet'!K24 -> 0 | AI13: =AG13-AH13 -> 0
A14: ='Data Sheet'!B25 -> Mortgage or Rent | AG14: =SUM(B14:AF14) -> 0 | AH14: ='Data Sheet'!K25 -> 0 | AI14: =AG14-AH14 -> 0
A15: ='Data Sheet'!B26 -> Association Dues | AG15: =SUM(B15:AF15) -> 0 | AH15: ='Data Sheet'!K26 -> 0 | AI15: =AG15-AH15 -> 0
A16: ='Data Sheet'!B27 -> Car Payments | AG16: =SUM(B16:AF16) -> 0 | AH16: ='Data Sheet'!K27 -> 0 | AI16: =AG16-AH16 -> 0
A17: ='Data Sheet'!B28 -> Ins - Health | AG17: =SUM(B17:AF17) -> 0 | AH17: ='Data Sheet'!K28 -> 0 | AI17: =AG17-AH17 -> 0
A18: ='Data Sheet'!B29 -> Ins - Long Term Care | AG18: =SUM(B18:AF18) -> 0 | AH18: ='Data Sheet'!K29 -> 0 | AI18: =AG18-AH18 -> 0
A19: ='Data Sheet'!B30 -> Ins - Life | AG19: =SUM(B19:AF19) -> 0 | AH19: ='Data Sheet'!K30 -> 0 | AI19: =AG19-AH19 -> 0
A20: ='Data Sheet'!B31 -> Ins - Car | AG20: =SUM(B20:AF20) -> 0 | AH20: ='Data Sheet'!K31 -> 0 | AI20: =AG20-AH20 -> 0
A21: ='Data Sheet'!B32 -> Ins - Other | AG21: =SUM(B21:AF21) -> 0 | AH21: ='Data Sheet'!K32 -> 0 | AI21: =AG21-AH21 -> 0
A22: ='Data Sheet'!B33 -> Cell Phone | AG22: =SUM(B22:AF22) -> 0 | AH22: ='Data Sheet'!K33 -> 0 | AI22: =AG22-AH22 -> 0
A23: ='Data Sheet'!B34 -> Household Electrical | AG23: =SUM(B23:AF23) -> 0 | AH23: ='Data Sheet'!K34 -> 0 | AI23: =AG23-AH23 -> 0
A24: ='Data Sheet'!B35 -> Household Gas | AG24: =SUM(B24:AF24) -> 0 | AH24: ='Data Sheet'!K35 -> 0 | AI24: =AG24-AH24 -> 0
... A39: ='Data Sheet'!B50 -> Other | AG39: =SUM(B39:AF39) -> 0 | AH39: ='Data Sheet'!K50 -> 0 | AI39: =AG39-AH39 -> 0
A40: ='Data Sheet'!B51 -> Notes (text) | AG40: N/A | AH40: ='Data Sheet'!K51 -> N/A | AI40: N/A
A41: SUB. OUTGO | B41: =SUM(B13:B40) -> 0 | C41: =SUM(C13:C40) -> 0 | D41: =SUM(D13:D40) -> 0 | E41: =SUM(E13:E40) -> 0 | F41: =SUM(F13:F40) -> 0 | G41: =SUM(G13:G40) -> 0 | H41: =SUM(H13:H40) -> 0 | I41: =SUM(I13:I40) -> 0 | ... AF41: =SUM(AF13:AF40) -> 0 | AG41: =IF((SUM(B41:AF41)=SUM(AG13:AG40)),(SUM(B41:AF41)),"error") -> 0 | AH41: ='Data Sheet'!K52 -> 0 | AI41: =AG41-AH41 -> 0
A43: TAX DEDUCTIBLES | B43: 1 | C43: 2 | D43: 3 | E43: 4 | F43: 5 | G43: 6 | H43: 7 | I43: 8 | J43: 9 | K43: 10 | L43: 11 | M43: 12 | N43: 13 | O43: 14 | P43: 15 | Q43: 16 | R43: 17 | S43: 18 | T43: 19 | U43: 20 | V43: 21 | W43: 22 | X43: 23 | Y43: 24 | Z43: 25 | AA43: 26 | AB43: 27 | AC43: 28 | AD43: 29 | AE43: 30 | AF43: 31 | AG43: Total | AH43: =AH4 -> Bud. Total | AI43: Over/(Under)
A44: ='Data Sheet'!B55 -> Automobile Registration | AG44: =SUM(B44:AF44) -> 0 | AH44: ='Data Sheet'!K55 -> 0 | AI44: =AG44-AH44 -> 0
A45: ='Data Sheet'!B56 -> Medical Co-pays, etc | AG45: =SUM(B45:AF45) -> 0 | AH45: ='Data Sheet'!K56 -> 0 | AI45: =AG45-AH45 -> 0
A46: ='Data Sheet'!B57 -> Dental, Vision Etc. | AG46: =SUM(B46:AF46) -> 0 | AH46: ='Data Sheet'!K57 -> 0 | AI46: =AG46-AH46 -> 0
A47: ='Data Sheet'!B58 -> Child Care | AG47: =SUM(B47:AF47) -> 0 | AH47: ='Data Sheet'!K58 -> 0 | AI47: =AG47-AH47 -> 0
A48: ='Data Sheet'!B59 -> Property Taxes | AG48: =SUM(B48:AF48) -> 0 | AH48: ='Data Sheet'!K59 -> 0 | AI48: =AG48-AH48 -> 0
A49: ='Data Sheet'!B60 -> Other | AG49: =SUM(B49:AF49) -> 0 | AH49: ='Data Sheet'!K60 -> 0 | AI49: =AG49-AH49 -> 0
A50: ='Data Sheet'!B61 -> Other | AG50: =SUM(B50:AF50) -> 0 | AH50: ='Data Sheet'!K61 -> 0 | AI50: =AG50-AH50 -> 0
A51: ='Data Sheet'!B62 -> Notes (text) | AG51: N/A | AH51: ='Data Sheet'!K62 -> 440 reg | AI51: N/A
A52: SUB. TAX OUTGO | B52: =SUM(B44:B50) -> 0 | C52: =SUM(C44:C50) -> 0 | D52: =SUM(D44:D50) -> 0 | E52: =SUM(E44:E50) -> 0 | F52: =SUM(F44:F50) -> 0 | G52: =SUM(G44:G50) -> 0 | H52: =SUM(H44:H50) -> 0 | I52: =SUM(I44:I50) -> 0 | ... AF52: =SUM(AF44:AF50) -> 0 | AG52: =IF((SUM(B52:AF52)=SUM(AG44:AG51)),(SUM(B52:AF52)),"error") -> 0 | AH52: ='Data Sheet'!K63 -> 0 | AI52: =AG52-AH52 -> 0
A53: TOTAL OUTGO | B53: =(B41+B52) -> 0 | C53: =(C41+C52) -> 0 | D53: =(D41+D52) -> 0 | E53: =(E41+E52) -> 0 | F53: =(F41+F52) -> 0 | G53: =(G41+G52) -> 0 | H53: =(H41+H52) -> 0 | I53: =(I41+I52) -> 0 | ... AF53: =(AF41+AF52) -> 0 | AG53: =SUM(B53:AF53) -> 0 | AH53: ='Data Sheet'!K64 -> 0 | AI53: =AG53-AH53 -> 0
A54: =A1 -> September | AG54: =(AG10-AG53) -> 0 | AH54: ='Data Sheet'!K66 -> 0 | AI54: =AG54-AH54 -> 0
A55: ='Data Sheet'!B13 -> Enter Year Here

Sheet Oct
A1: October
A2: ='Data Sheet'!B13 -> Enter Year Here | B2: 1 | C2: 2 | D2: 3 | E2: 4 | F2: 5 | G2: 6 | H2: 7 | I2: 8 | J2: 9 | K2: 10 | L2: 11 | M2: 12 | N2: 13 | O2: 14 | P2: 15 | Q2: 16 | R2: 17 | S2: 18 | T2: 19 | U2: 20 | V2: 21 | W2: 22 | X2: 23 | Y2: 24 | Z2: 25 | AA2: 26 | AB2: 27 | AC2: 28 | AD2: 29 | AE2: 30 | AF2: 31 | AG2: Total | AH2: Bud. Total | AI2: Over/(Under)
A4: INCOME | B4: 1 | C4: 2 | D4: 3 | E4: 4 | F4: 5 | G4: 6 | H4: 7 | I4: 8 | J4: 9 | K4: 10 | L4: 11 | M4: 12 | N4: 13 | O4: 14 | P4: 15 | Q4: 16 | R4: 17 | S4: 18 | T4: 19 | U4: 20 | V4: 21 | W4: 22 | X4: 23 | Y4: 24 | Z4: 25 | AA4: 26 | AB4: 27 | AC4: 28 | AD4: 29 | AE4: 30 | AF4: 31 | AG4: Total | AH4: Bud. Total | AI4: Over/(Under)
A5: ='Data Sheet'!B16 -> Source 1 | AG5: =SUM(B5:AF5) -> 0 | AH5: ='Data Sheet'!L16 -> 0 | AI5: =AG5-AH5 -> 0
A6: ='Data Sheet'!B17 -> Source 2 | AG6: =SUM(B6:AF6) -> 0 | AH6: ='Data Sheet'!L17 -> 0 | AI6: =AG6-AH6 -> 0
A7: ='Data Sheet'!B18 -> Source 3 | AG7: =SUM(B7:AF7) -> 0 | AH7: ='Data Sheet'!L18 -> 0 | AI7: =AG7-AH7 -> 0
A8: ='Data Sheet'!B19 -> Source 4 | AG8: =SUM(B8:AF8) -> 0 | AH8: ='Data Sheet'!L19 -> 0 | AI8: =AG8-AH8 -> 0
A9: ='Data Sheet'!B20 -> Notes (text) | AG9: N/A | AH9: ='Data Sheet'!L20 -> N/A | AI9: N/A
A10: Total Income | B10: =SUM(B5:B9) -> 0 | C10: =SUM(C5:C9) -> 0 | D10: =SUM(D5:D9) -> 0 | E10: =SUM(E5:E9) -> 0 | F10: =SUM(F5:F9) -> 0 | G10: =SUM(G5:G9) -> 0 | H10: =SUM(H5:H9) -> 0 | I10: =SUM(I5:I9) -> 0 | ... AF10: =SUM(AF5:AF9) -> 0 | AG10: =IF((SUM(B10:AF10)=SUM(AG5:AG9)),(SUM(B10:AF10)),"error") -> 0 | AH10: ='Data Sheet'!L21 -> 0 | AI10: =AG10-AH10 -> 0
A12: OUTGO | B12: 1 | C12: 2 | D12: 3 | E12: 4 | F12: 5 | G12: 6 | H12: 7 | I12: 8 | J12: 9 | K12: 10 | L12: 11 | M12: 12 | N12: 13 | O12: 14 | P12: 15 | Q12: 16 | R12: 17 | S12: 18 | T12: 19 | U12: 20 | V12: 21 | W12: 22 | X12: 23 | Y12: 24 | Z12: 25 | AA12: 26 | AB12: 27 | AC12: 28 | AD12: 29 | AE12: 30 | AF12: 31 | AG12: Total | AH12: =AH4 -> Bud. Total | AI12: Over/(Under)
A13: ='Data Sheet'!B24 -> Food and Household | AG13: =SUM(B13:AF13) -> 0 | AH13: ='Data Sheet'!L24 -> 0 | AI13: =AG13-AH13 -> 0
A14: ='Data Sheet'!B25 -> Mortgage or Rent | AG14: =SUM(B14:AF14) -> 0 | AH14: ='Data Sheet'!L25 -> 0 | AI14: =AG14-AH14 -> 0
A15: ='Data Sheet'!B26 -> Association Dues | AG15: =SUM(B15:AF15) -> 0 | AH15: ='Data Sheet'!L26 -> 0 | AI15: =AG15-AH15 -> 0
A16: ='Data Sheet'!B27 -> Car Payments | AG16: =SUM(B16:AF16) -> 0 | AH16: ='Data Sheet'!L27 -> 0 | AI16: =AG16-AH16 -> 0
A17: ='Data Sheet'!B28 -> Ins - Health | AG17: =SUM(B17:AF17) -> 0 | AH17: ='Data Sheet'!L28 -> 0 | AI17: =AG17-AH17 -> 0
A18: ='Data Sheet'!B29 -> Ins - Long Term Care | AG18: =SUM(B18:AF18) -> 0 | AH18: ='Data Sheet'!L29 -> 0 | AI18: =AG18-AH18 -> 0
A19: ='Data Sheet'!B30 -> Ins - Life | AG19: =SUM(B19:AF19) -> 0 | AH19: ='Data Sheet'!L30 -> 0 | AI19: =AG19-AH19 -> 0
A20: ='Data Sheet'!B31 -> Ins - Car | AG20: =SUM(B20:AF20) -> 0 | AH20: ='Data Sheet'!L31 -> 0 | AI20: =AG20-AH20 -> 0
A21: ='Data Sheet'!B32 -> Ins - Other | AG21: =SUM(B21:AF21) -> 0 | AH21: ='Data Sheet'!L32 -> 0 | AI21: =AG21-AH21 -> 0
A22: ='Data Sheet'!B33 -> Cell Phone | AG22: =SUM(B22:AF22) -> 0 | AH22: ='Data Sheet'!L33 -> 0 | AI22: =AG22-AH22 -> 0
A23: ='Data Sheet'!B34 -> Household Electrical | AG23: =SUM(B23:AF23) -> 0 | AH23: ='Data Sheet'!L34 -> 0 | AI23: =AG23-AH23 -> 0
A24: ='Data Sheet'!B35 -> Household Gas | AG24: =SUM(B24:AF24) -> 0 | AH24: ='Data Sheet'!L35 -> 0 | AI24: =AG24-AH24 -> 0
... A39: ='Data Sheet'!B50 -> Other | AG39: =SUM(B39:AF39) -> 0 | AH39: ='Data Sheet'!L50 -> 0 | AI39: =AG39-AH39 -> 0
A40: ='Data Sheet'!B51 -> Notes (text) | AG40: N/A | AH40: ='Data Sheet'!L51 -> N/A | AI40: N/A
A41: SUB. OUTGO | B41: =SUM(B13:B40) -> 0 | C41: =SUM(C13:C40) -> 0 | D41: =SUM(D13:D40) -> 0 | E41: =SUM(E13:E40) -> 0 | F41: =SUM(F13:F40) -> 0 | G41: =SUM(G13:G40) -> 0 | H41: =SUM(H13:H40) -> 0 | I41: =SUM(I13:I40) -> 0 | ... AF41: =SUM(AF13:AF40) -> 0 | AG41: =IF((SUM(B41:AF41)=SUM(AG13:AG40)),(SUM(B41:AF41)),"error") -> 0 | AH41: ='Data Sheet'!L52 -> 0 | AI41: =AG41-AH41 -> 0
A43: TAX DEDUCTIBLES | B43: 1 | C43: 2 | D43: 3 | E43: 4 | F43: 5 | G43: 6 | H43: 7 | I43: 8 | J43: 9 | K43: 10 | L43: 11 | M43: 12 | N43: 13 | O43: 14 | P43: 15 | Q43: 16 | R43: 17 | S43: 18 | T43: 19 | U43: 20 | V43: 21 | W43: 22 | X43: 23 | Y43: 24 | Z43: 25 | AA43: 26 | AB43: 27 | AC43: 28 | AD43: 29 | AE43: 30 | AF43: 31 | AG43: Total | AH43: =AH4 -> Bud. Total | AI43: Over/(Under)
A44: ='Data Sheet'!B55 -> Automobile Registration | AG44: =SUM(B44:AF44) -> 0 | AH44: ='Data Sheet'!L55 -> 0 | AI44: =AG44-AH44 -> 0
A45: ='Data Sheet'!B56 -> Medical Co-pays, etc | AG45: =SUM(B45:AF45) -> 0 | AH45: ='Data Sheet'!L56 -> 0 | AI45: =AG45-AH45 -> 0
A46: ='Data Sheet'!B57 -> Dental, Vision Etc. | AG46: =SUM(B46:AF46) -> 0 | AH46: ='Data Sheet'!L57 -> 0 | AI46: =AG46-AH46 -> 0
A47: ='Data Sheet'!B58 -> Child Care | AG47: =SUM(B47:AF47) -> 0 | AH47: ='Data Sheet'!L58 -> 0 | AI47: =AG47-AH47 -> 0
A48: ='Data Sheet'!B59 -> Property Taxes | AG48: =SUM(B48:AF48) -> 0 | AH48: ='Data Sheet'!L59 -> 0 | AI48: =AG48-AH48 -> 0
A49: ='Data Sheet'!B60 -> Other | AG49: =SUM(B49:AF49) -> 0 | AH49: ='Data Sheet'!L60 -> 0 | AI49: =AG49-AH49 -> 0
A50: ='Data Sheet'!B61 -> Other | AG50: =SUM(B50:AF50) -> 0 | AH50: ='Data Sheet'!L61 -> 0 | AI50: =AG50-AH50 -> 0
A51: ='Data Sheet'!B62 -> Notes (text) | AG51: N/A | AH51: ='Data Sheet'!L62 -> N/A | AI51: N/A
A52: SUB. TAX OUTGO | B52: =SUM(B44:B50) -> 0 | C52: =SUM(C44:C50) -> 0 | D52: =SUM(D44:D50) -> 0 | E52: =SUM(E44:E50) -> 0 | F52: =SUM(F44:F50) -> 0 | G52: =SUM(G44:G50) -> 0 | H52: =SUM(H44:H50) -> 0 | I52: =SUM(I44:I50) -> 0 | ... AF52: =SUM(AF44:AF50) -> 0 | AG52: =IF((SUM(B52:AF52)=SUM(AG44:AG51)),(SUM(B52:AF52)),"error") -> 0 | AH52: ='Data Sheet'!L63 -> 0 | AI52: =AG52-AH52 -> 0
A53: TOTAL OUTGO | B53: =(B41+B52) -> 0 | C53: =(C41+C52) -> 0 | D53: =(D41+D52) -> 0 | E53: =(E41+E52) -> 0 | F53: =(F41+F52) -> 0 | G53: =(G41+G52) -> 0 | H53: =(H41+H52) -> 0 | I53: =(I41+I52) -> 0 | ... AF53: =(AF41+AF52) -> 0 | AG53: =SUM(B53:AF53) -> 0 | AH53: ='Data Sheet'!L64 -> 0 | AI53: =AG53-AH53 -> 0
A54: =A1 -> October | AG54: =(AG10-AG53) -> 0 | AH54: ='Data Sheet'!L66 -> 0 | AI54: =AG54-AH54 -> 0
A55: ='Data Sheet'!B13 -> Enter Year Here

Sheet Nov
A1: November
A2: ='Data Sheet'!B13 -> Enter Year Here | B2: 1 | C2: 2 | D2: 3 | E2: 4 | F2: 5 | G2: 6 | H2: 7 | I2: 8 | J2: 9 | K2: 10 | L2: 11 | M2: 12 | N2: 13 | O2: 14 | P2: 15 | Q2: 16 | R2: 17 | S2: 18 | T2: 19 | U2: 20 | V2: 21 | W2: 22 | X2: 23 | Y2: 24 | Z2: 25 | AA2: 26 | AB2: 27 | AC2: 28 | AD2: 29 | AE2: 30 | AF2: 31 | AG2: Total | AH2: Bud. Total | AI2: Over/(Under)
A4: INCOME | B4: 1 | C4: 2 | D4: 3 | E4: 4 | F4: 5 | G4: 6 | H4: 7 | I4: 8 | J4: 9 | K4: 10 | L4: 11 | M4: 12 | N4: 13 | O4: 14 | P4: 15 | Q4: 16 | R4: 17 | S4: 18 | T4: 19 | U4: 20 | V4: 21 | W4: 22 | X4: 23 | Y4: 24 | Z4: 25 | AA4: 26 | AB4: 27 | AC4: 28 | AD4: 29 | AE4: 30 | AF4: 31 | AG4: Total | AH4: Bud. Total | AI4: Over/(Under)
A5: ='Data Sheet'!B16 -> Source 1 | AG5: =SUM(B5:AF5) -> 0 | AH5: ='Data Sheet'!M16 -> 0 | AI5: =AG5-AH5 -> 0
A6: ='Data Sheet'!B17 -> Source 2 | AG6: =SUM(B6:AF6) -> 0 | AH6: ='Data Sheet'!M17 -> 0 | AI6: =AG6-AH6 -> 0
A7: ='Data Sheet'!B18 -> Source 3 | AG7: =SUM(B7:AF7) -> 0 | AH7: ='Data Sheet'!M18 -> 0 | AI7: =AG7-AH7 -> 0
A8: ='Data Sheet'!B19 -> Source 4 | AG8: =SUM(B8:AF8) -> 0 | AH8: ='Data Sheet'!M19 -> 0 | AI8: =AG8-AH8 -> 0
A9: ='Data Sheet'!B20 -> Notes (text) | AG9: N/A | AH9: ='Data Sheet'!M20 -> N/A | AI9: N/A
A10: Total Income | B10: =SUM(B5:B9) -> 0 | C10: =SUM(C5:C9) -> 0 | D10: =SUM(D5:D9) -> 0 | E10: =SUM(E5:E9) -> 0 | F10: =SUM(F5:F9) -> 0 | G10: =SUM(G5:G9) -> 0 | H10: =SUM(H5:H9) -> 0 | I10: =SUM(I5:I9) -> 0 | ... AF10: =SUM(AF5:AF9) -> 0 | AG10: =IF((SUM(B10:AF10)=SUM(AG5:AG9)),(SUM(B10:AF10)),"error") -> 0 | AH10: ='Data Sheet'!M21 -> 0 | AI10: =AG10-AH10 -> 0
A12: OUTGO | B12: 1 | C12: 2 | D12: 3 | E12: 4 | F12: 5 | G12: 6 | H12: 7 | I12: 8 | J12: 9 | K12: 10 | L12: 11 | M12: 12 | N12: 13 | O12: 14 | P12: 15 | Q12: 16 | R12: 17 | S12: 18 | T12: 19 | U12: 20 | V12: 21 | W12: 22 | X12: 23 | Y12: 24 | Z12: 25 | AA12: 26 | AB12: 27 | AC12: 28 | AD12: 29 | AE12: 30 | AF12: 31 | AG12: Total | AH12: =AH4 -> Bud. Total | AI12: Over/(Under)
A13: ='Data Sheet'!B24 -> Food and Household | AG13: =SUM(B13:AF13) -> 0 | AH13: ='Data Sheet'!M24 -> 0 | AI13: =AG13-AH13 -> 0
A14: ='Data Sheet'!B25 -> Mortgage or Rent | AG14: =SUM(B14:AF14) -> 0 | AH14: ='Data Sheet'!M25 -> 0 | AI14: =AG14-AH14 -> 0
A15: ='Data Sheet'!B26 -> Association Dues | AG15: =SUM(B15:AF15) -> 0 | AH15: ='Data Sheet'!M26 -> 0 | AI15: =AG15-AH15 -> 0
A16: ='Data Sheet'!B27 -> Car Payments | AG16: =SUM(B16:AF16) -> 0 | AH16: ='Data Sheet'!M27 -> 0 | AI16: =AG16-AH16 -> 0
A17: ='Data Sheet'!B28 -> Ins - Health | AG17: =SUM(B17:AF17) -> 0 | AH17: ='Data Sheet'!M28 -> 0 | AI17: =AG17-AH17 -> 0
A18: ='Data Sheet'!B29 -> Ins - Long Term Care | AG18: =SUM(B18:AF18) -> 0 | AH18: ='Data Sheet'!M29 -> 0 | AI18: =AG18-AH18 -> 0
A19: ='Data Sheet'!B30 -> Ins - Life | AG19: =SUM(B19:AF19) -> 0 | AH19: ='Data Sheet'!M30 -> 0 | AI19: =AG19-AH19 -> 0
A20: ='Data Sheet'!B31 -> Ins - Car | AG20: =SUM(B20:AF20) -> 0 | AH20: ='Data Sheet'!M31 -> 0 | AI20: =AG20-AH20 -> 0
A21: ='Data Sheet'!B32 -> Ins - Other | AG21: =SUM(B21:AF21) -> 0 | AH21: ='Data Sheet'!M32 -> 0 | AI21: =AG21-AH21 -> 0
A22: ='Data Sheet'!B33 -> Cell Phone | AG22: =SUM(B22:AF22) -> 0 | AH22: ='Data Sheet'!M33 -> 0 | AI22: =AG22-AH22 -> 0
A23: ='Data Sheet'!B34 -> Household Electrical | AG23: =SUM(B23:AF23) -> 0 | AH23: ='Data Sheet'!M34 -> 0 | AI23: =AG23-AH23 -> 0
A24: ='Data Sheet'!B35 -> Household Gas | AG24: =SUM(B24:AF24) -> 0 | AH24: ='Data Sheet'!M35 -> 0 | AI24: =AG24-AH24 -> 0
... A39: ='Data Sheet'!B50 -> Other | AG39: =SUM(B39:AF39) -> 0 | AH39: ='Data Sheet'!M50 -> 0 | AI39: =AG39-AH39 -> 0
A40: ='Data Sheet'!B51 -> Notes (text) | AG40: N/A | AH40: ='Data Sheet'!M51 -> N/A | AI40: N/A
A41: SUB. OUTGO | B41: =SUM(B13:B40) -> 0 | C41: =SUM(C13:C40) -> 0 | D41: =SUM(D13:D40) -> 0 | E41: =SUM(E13:E40) -> 0 | F41: =SUM(F13:F40) -> 0 | G41: =SUM(G13:G40) -> 0 | H41: =SUM(H13:H40) -> 0 | I41: =SUM(I13:I40) -> 0 | ... AF41: =SUM(AF13:AF40) -> 0 | AG41: =IF((SUM(B41:AF41)=SUM(AG13:AG40)),(SUM(B41:AF41)),"error") -> 0 | AH41: ='Data Sheet'!M52 -> 0 | AI41: =AG41-AH41 -> 0
A43: TAX DEDUCTIBLES | B43: 1 | C43: 2 | D43: 3 | E43: 4 | F43: 5 | G43: 6 | H43: 7 | I43: 8 | J43: 9 | K43: 10 | L43: 11 | M43: 12 | N43: 13 | O43: 14 | P43: 15 | Q43: 16 | R43: 17 | S43: 18 | T43: 19 | U43: 20 | V43: 21 | W43: 22 | X43: 23 | Y43: 24 | Z43: 25 | AA43: 26 | AB43: 27 | AC43: 28 | AD43: 29 | AE43: 30 | AF43: 31 | AG43: Total | AH43: =AH4 -> Bud. Total | AI43: Over/(Under)
A44: ='Data Sheet'!B55 -> Automobile Registration | AG44: =SUM(B44:AF44) -> 0 | AH44: ='Data Sheet'!M55 -> 0 | AI44: =AG44-AH44 -> 0
A45: ='Data Sheet'!B56 -> Medical Co-pays, etc | AG45: =SUM(B45:AF45) -> 0 | AH45: ='Data Sheet'!M56 -> 0 | AI45: =AG45-AH45 -> 0
A46: ='Data Sheet'!B57 -> Dental, Vision Etc. | AG46: =SUM(B46:AF46) -> 0 | AH46: ='Data Sheet'!M57 -> 0 | AI46: =AG46-AH46 -> 0
A47: ='Data Sheet'!B58 -> Child Care | AG47: =SUM(B47:AF47) -> 0 | AH47: ='Data Sheet'!M58 -> 0 | AI47: =AG47-AH47 -> 0
A48: ='Data Sheet'!B59 -> Property Taxes | AG48: =SUM(B48:AF48) -> 0 | AH48: ='Data Sheet'!M59 -> 0 | AI48: =AG48-AH48 -> 0
A49: ='Data Sheet'!B60 -> Other | AG49: =SUM(B49:AF49) -> 0 | AH49: ='Data Sheet'!M60 -> 0 | AI49: =AG49-AH49 -> 0
A50: ='Data Sheet'!B61 -> Other | AG50: =SUM(B50:AF50) -> 0 | AH50: ='Data Sheet'!M61 -> 0 | AI50: =AG50-AH50 -> 0
A51: ='Data Sheet'!B62 -> Notes (text) | AG51: N/A | AH51: ='Data Sheet'!M62 -> N/A | AI51: N/A
A52: SUB. TAX OUTGO | B52: =SUM(B44:B50) -> 0 | C52: =SUM(C44:C50) -> 0 | D52: =SUM(D44:D50) -> 0 | E52: =SUM(E44:E50) -> 0 | F52: =SUM(F44:F50) -> 0 | G52: =SUM(G44:G50) -> 0 | H52: =SUM(H44:H50) -> 0 | I52: =SUM(I44:I50) -> 0 | ... AF52: =SUM(AF44:AF50) -> 0 | AG52: =IF((SUM(B52:AF52)=SUM(AG44:AG51)),(SUM(B52:AF52)),"error") -> 0 | AH52: ='Data Sheet'!M63 -> 0 | AI52: =AG52-AH52 -> 0
A53: TOTAL OUTGO | B53: =(B41+B52) -> 0 | C53: =(C41+C52) -> 0 | D53: =(D41+D52) -> 0 | E53: =(E41+E52) -> 0 | F53: =(F41+F52) -> 0 | G53: =(G41+G52) -> 0 | H53: =(H41+H52) -> 0 | I53: =(I41+I52) -> 0 | ... AF53: =(AF41+AF52) -> 0 | AG53: =SUM(B53:AF53) -> 0 | AH53: ='Data Sheet'!M64 -> 0 | AI53: =AG53-AH53 -> 0
A54: =A1 -> November | AG54: =(AG10-AG53) -> 0 | AH54: ='Data Sheet'!M66 -> 0 | AI54: =AG54-AH54 -> 0
A55: ='Data Sheet'!B13 -> Enter Year Here

Sheet Dec
A1: December
A2: ='Data Sheet'!B13 -> Enter Year Here | B2: 1 | C2: 2 | D2: 3 | E2: 4 | F2: 5 | G2: 6 | H2: 7 | I2: 8 | J2: 9 | K2: 10 | L2: 11 | M2: 12 | N2: 13 | O2: 14 | P2: 15 | Q2: 16 | R2: 17 | S2: 18 | T2: 19 | U2: 20 | V2: 21 | W2: 22 | X2: 23 | Y2: 24 | Z2: 25 | AA2: 26 | AB2: 27 | AC2: 28 | AD2: 29 | AE2: 30 | AF2: 31 | AG2: Total | AH2: Bud. Total | AI2: Over/(Under)
A4: INCOME | B4: 1 | C4: 2 | D4: 3 | E4: 4 | F4: 5 | G4: 6 | H4: 7 | I4: 8 | J4: 9 | K4: 10 | L4: 11 | M4: 12 | N4: 13 | O4: 14 | P4: 15 | Q4: 16 | R4: 17 | S4: 18 | T4: 19 | U4: 20 | V4: 21 | W4: 22 | X4: 23 | Y4: 24 | Z4: 25 | AA4: 26 | AB4: 27 | AC4: 28 | AD4: 29 | AE4: 30 | AF4: 31 | AG4: Total | AH4: Bud. Total | AI4: Over/(Under)
A5: ='Data Sheet'!B16 -> Source 1 | AG5: =SUM(B5:AF5) -> 0 | AH5: ='Data Sheet'!N16 -> 0 | AI5: =AG5-AH5 -> 0
A6: ='Data Sheet'!B17 -> Source 2 | AG6: =SUM(B6:AF6) -> 0 | AH6: ='Data Sheet'!N17 -> 0 | AI6: =AG6-AH6 -> 0
A7: ='Data Sheet'!B18 -> Source 3 | AG7: =SUM(B7:AF7) -> 0 | AH7: ='Data Sheet'!N18 -> 0 | AI7: =AG7-AH7 -> 0
A8: ='Data Sheet'!B19 -> Source 4 | AG8: =SUM(B8:AF8) -> 0 | AH8: ='Data Sheet'!N19 -> 0 | AI8: =AG8-AH8 -> 0
A9: ='Data Sheet'!B20 -> Notes (text) | AG9: N/A | AH9: ='Data Sheet'!N20 -> N/A | AI9: N/A
A10: Total Income | B10: =SUM(B5:B9) -> 0 | C10: =SUM(C5:C9) -> 0 | D10: =SUM(D5:D9) -> 0 | E10: =SUM(E5:E9) -> 0 | F10: =SUM(F5:F9) -> 0 | G10: =SUM(G5:G9) -> 0 | H10: =SUM(H5:H9) -> 0 | I10: =SUM(I5:I9) -> 0 | ... AF10: =SUM(AF5:AF9) -> 0 | AG10: =IF((SUM(B10:AF10)=SUM(AG5:AG9)),(SUM(B10:AF10)),"error") -> 0 | AH10: ='Data Sheet'!N21 -> 0 | AI10: =AG10-AH10 -> 0
A12: OUTGO | B12: 1 | C12: 2 | D12: 3 | E12: 4 | F12: 5 | G12: 6 | H12: 7 | I12: 8 | J12: 9 | K12: 10 | L12: 11 | M12: 12 | N12: 13 | O12: 14 | P12: 15 | Q12: 16 | R12: 17 | S12: 18 | T12: 19 | U12: 20 | V12: 21 | W12: 22 | X12: 23 | Y12: 24 | Z12: 25 | AA12: 26 | AB12: 27 | AC12: 28 | AD12: 29 | AE12: 30 | AF12: 31 | AG12: Total | AH12: =AH4 -> Bud. Total | AI12: Over/(Under)
A13: ='Data Sheet'!B24 -> Food and Household | AG13: =SUM(B13:AF13) -> 0 | AH13: ='Data Sheet'!N24 -> 0 | AI13: =AG13-AH13 -> 0
A14: ='Data Sheet'!B25 -> Mortgage or Rent | AG14: =SUM(B14:AF14) -> 0 | AH14: ='Data Sheet'!N25 -> 0 | AI14: =AG14-AH14 -> 0
A15: ='Data Sheet'!B26 -> Association Dues | AG15: =SUM(B15:AF15) -> 0 | AH15: ='Data Sheet'!N26 -> 0 | AI15: =AG15-AH15 -> 0
A16: ='Data Sheet'!B27 -> Car Payments | AG16: =SUM(B16:AF16) -> 0 | AH16: ='Data Sheet'!N27 -> 0 | AI16: =AG16-AH16 -> 0
A17: ='Data Sheet'!B28 -> Ins - Health | AG17: =SUM(B17:AF17) -> 0 | AH17: ='Data Sheet'!N28 -> 0 | AI17: =AG17-AH17 -> 0
A18: ='Data Sheet'!B29 -> Ins - Long Term Care | AG18: =SUM(B18:AF18) -> 0 | AH18: ='Data Sheet'!N29 -> 0 | AI18: =AG18-AH18 -> 0
A19: ='Data Sheet'!B30 -> Ins - Life | AG19: =SUM(B19:AF19) -> 0 | AH19: ='Data Sheet'!N30 -> 0 | AI19: =AG19-AH19 -> 0
A20: ='Data Sheet'!B31 -> Ins - Car | AG20: =SUM(B20:AF20) -> 0 | AH20: ='Data Sheet'!N31 -> 0 | AI20: =AG20-AH20 -> 0
A21: ='Data Sheet'!B32 -> Ins - Other | AG21: =SUM(B21:AF21) -> 0 | AH21: ='Data Sheet'!N32 -> 0 | AI21: =AG21-AH21 -> 0
A22: ='Data Sheet'!B33 -> Cell Phone | AG22: =SUM(B22:AF22) -> 0 | AH22: ='Data Sheet'!N33 -> 0 | AI22: =AG22-AH22 -> 0
A23: ='Data Sheet'!B34 -> Household Electrical | AG23: =SUM(B23:AF23) -> 0 | AH23: ='Data Sheet'!N34 -> 0 | AI23: =AG23-AH23 -> 0
A24: ='Data Sheet'!B35 -> Household Gas | AG24: =SUM(B24:AF24) -> 0 | AH24: ='Data Sheet'!N35 -> 0 | AI24: =AG24-AH24 -> 0
... A39: ='Data Sheet'!B50 -> Other | AG39: =SUM(B39:AF39) -> 0 | AH39: ='Data Sheet'!N50 -> 0 | AI39: =AG39-AH39 -> 0
A40: ='Data Sheet'!B51 -> Notes (text) | AG40: N/A | AH40: ='Data Sheet'!N51 -> N/A | AI40: N/A
A41: SUB. OUTGO | B41: =SUM(B13:B40) -> 0 | C41: =SUM(C13:C40) -> 0 | D41: =SUM(D13:D40) -> 0 | E41: =SUM(E13:E40) -> 0 | F41: =SUM(F13:F40) -> 0 | G41: =SUM(G13:G40) -> 0 | H41: =SUM(H13:H40) -> 0 | I41: =SUM(I13:I40) -> 0 | ... AF41: =SUM(AF13:AF40) -> 0 | AG41: =IF((SUM(B41:AF41)=SUM(AG13:AG40)),(SUM(B41:AF41)),"error") -> 0 | AH41: ='Data Sheet'!N52 -> 0 | AI41: =AG41-AH41 -> 0
A43: TAX DEDUCTIBLES | B43: 1 | C43: 2 | D43: 3 | E43: 4 | F43: 5 | G43: 6 | H43: 7 | I43: 8 | J43: 9 | K43: 10 | L43: 11 | M43: 12 | N43: 13 | O43: 14 | P43: 15 | Q43: 16 | R43: 17 | S43: 18 | T43: 19 | U43: 20 | V43: 21 | W43: 22 | X43: 23 | Y43: 24 | Z43: 25 | AA43: 26 | AB43: 27 | AC43: 28 | AD43: 29 | AE43: 30 | AF43: 31 | AG43: Total | AH43: =AH4 -> Bud. Total | AI43: Over/(Under)
A44: ='Data Sheet'!B55 -> Automobile Registration | AG44: =SUM(B44:AF44) -> 0 | AH44: ='Data Sheet'!N55 -> 0 | AI44: =AG44-AH44 -> 0
A45: ='Data Sheet'!B56 -> Medical Co-pays, etc | AG45: =SUM(B45:AF45) -> 0 | AH45: ='Data Sheet'!N56 -> 0 | AI45: =AG45-AH45 -> 0
A46: ='Data Sheet'!B57 -> Dental, Vision Etc. | AG46: =SUM(B46:AF46) -> 0 | AH46: ='Data Sheet'!N57 -> 0 | AI46: =AG46-AH46 -> 0
A47: ='Data Sheet'!B58 -> Child Care | AG47: =SUM(B47:AF47) -> 0 | AH47: ='Data Sheet'!N58 -> 0 | AI47: =AG47-AH47 -> 0
A48: ='Data Sheet'!B59 -> Property Taxes | AG48: =SUM(B48:AF48) -> 0 | AH48: ='Data Sheet'!N59 -> 0 | AI48: =AG48-AH48 -> 0
A49: ='Data Sheet'!B60 -> Other | AG49: =SUM(B49:AF49) -> 0 | AH49: ='Data Sheet'!N60 -> 0 | AI49: =AG49-AH49 -> 0
A50: ='Data Sheet'!B61 -> Other | AG50: =SUM(B50:AF50) -> 0 | AH50: ='Data Sheet'!N61 -> 0 | AI50: =AG50-AH50 -> 0
A51: ='Data Sheet'!B62 -> Notes (text) | AG51: N/A | AH51: ='Data Sheet'!N62 -> N/A | AI51: N/A
A52: SUB. TAX OUTGO | B52: =SUM(B44:B50) -> 0 | C52: =SUM(C44:C50) -> 0 | D52: =SUM(D44:D50) -> 0 | E52: =SUM(E44:E50) -> 0 | F52: =SUM(F44:F50) -> 0 | G52: =SUM(G44:G50) -> 0 | H52: =SUM(H44:H50) -> 0 | I52: =SUM(I44:I50) -> 0 | ... AF52: =SUM(AF44:AF50) -> 0 | AG52: =IF((SUM(B52:AF52)=SUM(AG44:AG51)),(SUM(B52:AF52)),"error") -> 0 | AH52: ='Data Sheet'!N63 -> 0 | AI52: =AG52-AH52 -> 0
A53: TOTAL OUTGO | B53: =(B41+B52) -> 0 | C53: =(C41+C52) -> 0 | D53: =(D41+D52) -> 0 | E53: =(E41+E52) -> 0 | F53: =(F41+F52) -> 0 | G53: =(G41+G52) -> 0 | H53: =(H41+H52) -> 0 | I53: =(I41+I52) -> 0 | ... AF53: =(AF41+AF52) -> 0 | AG53: =SUM(B53:AF53) -> 0 | AH53: ='Data Sheet'!N64 -> 0 | AI53: =AG53-AH53 -> 0
A54: =A1 -> December | AG54: =(AG10-AG53) -> 0 | AH54: ='Data Sheet'!N66 -> 0 | AI54: =AG54-AH54 -> 0
A55: ='Data Sheet'!B13 -> Enter Year Here

Sheet Summary
A1: Summary
A2: ='Data Sheet'!B13 -> Enter Year Here | B2: January | C2: February | D2: March | E2: April | F2: May | G2: June | H2: July | I2: August | J2: September | K2: October | L2: November | M2: December | N2: Total | O2: Bud. Total | P2: Over/(Under)
A4: INCOME | B4: January | C4: February | D4: March | E4: April | F4: May | G4: June | H4: July | I4: August | J4: September | K4: October | L4: November | M4: December | N4: Total | O4: Bud. Total | P4: Over/(Under)
A5: ='Data Sheet'!B16 -> Source 1 | B5: =Jan!AG5 -> 0 | C5: =Feb!AG5 -> 0 | D5: =Mar!AG5 -> 0 | E5: =Apr!AG5 -> 0 | F5: =May!AG5 -> 0 | G5: =Jun!AG5 -> 0 | H5: =Jul!AG5 -> 0 | I5: =Aug!AG5 -> 0 | J5: =Sep!AG5 -> 0 | K5: =Oct!AG5 -> 0 | L5: =Nov!AG5 -> 0 | M5: =Dec!AG5 -> 0 | N5: =SUM(B5:M5) -> 0 | O5: ='Data Sheet'!O16 -> 0 | P5: =N5-O5 -> 0
A6: ='Data Sheet'!B17 -> Source 2 | B6: =Jan!AG6 -> 0 | C6: =Feb!AG6 -> 0 | D6: =Mar!AG6 -> 0 | E6: =Apr!AG6 -> 0 | F6: =May!AG6 -> 0 | G6: =Jun!AG6 -> 0 | H6: =Jul!AG6 -> 0 | I6: =Aug!AG6 -> 0 | J6: =Sep!AG6 -> 0 | K6: =Oct!AG6 -> 0 | L6: =Nov!AG6 -> 0 | M6: =Dec!AG6 -> 0 | N6: =SUM(B6:M6) -> 0 | O6: ='Data Sheet'!O17 -> 0 | P6: =N6-O6 -> 0
A7: ='Data Sheet'!B18 -> Source 3 | B7: =Jan!AG7 -> 0 | C7: =Feb!AG7 -> 0 | D7: =Mar!AG7 -> 0 | E7: =Apr!AG7 -> 0 | F7: =May!AG7 -> 0 | G7: =Jun!AG7 -> 0 | H7: =Jul!AG7 -> 0 | I7: =Aug!AG7 -> 0 | J7: =Sep!AG7 -> 0 | K7: =Oct!AG7 -> 0 | L7: =Nov!AG7 -> 0 | M7: =Dec!AG7 -> 0 | N7: =SUM(B7:M7) -> 0 | O7: ='Data Sheet'!O18 -> 0 | P7: =N7-O7 -> 0
A8: ='Data Sheet'!B19 -> Source 4 | B8: =Jan!AG8 -> 0 | C8: =Feb!AG8 -> 0 | D8: =Mar!AG8 -> 0 | E8: =Apr!AG8 -> 0 | F8: =May!AG8 -> 0 | G8: =Jun!AG8 -> 0 | H8: =Jul!AG8 -> 0 | I8: =Aug!AG8 -> 0 | J8: =Sep!AG8 -> 0 | K8: =Oct!AG8 -> 0 | L8: =Nov!AG8 -> 0 | M8: =Dec!AG8 -> 0 | N8: =SUM(B8:M8) -> 0 | O8: ='Data Sheet'!O19 -> 0 | P8: =N8-O8 -> 0
A9: ='Data Sheet'!B20 -> Notes (text) | B9: =Jan!AG9 -> N/A | C9: =Feb!AG9 -> N/A | D9: =Mar!AG9 -> N/A | E9: =Apr!AG9 -> N/A | F9: =May!AG9 -> N/A | G9: =Jun!AG9 -> N/A | H9: =Jul!AG9 -> N/A | I9: =Aug!AG9 -> N/A | J9: =Sep!AG9 -> N/A | K9: =Oct!AG9 -> N/A | L9: =Nov!AG9 -> N/A | M9: =Dec!AG9 -> N/A | N9: N/A | O9: ='Data Sheet'!O20 -> N/A | P9: N/A
A10: Total Income | B10: =SUM(B5:B9) -> 0 | C10: =SUM(C5:C9) -> 0 | D10: =SUM(D5:D9) -> 0 | E10: =SUM(E5:E9) -> 0 | F10: =SUM(F5:F9) -> 0 | G10: =SUM(G5:G9) -> 0 | H10: =SUM(H5:H9) -> 0 | I10: =SUM(I5:I9) -> 0 | ... M10: =SUM(M5:M9) -> 0 | N10: =IF((SUM(B10:M10)=SUM(N5:N9)),(SUM(B10:M10)),"error") -> 0 | O10: ='Data Sheet'!O21 -> 0 | P10: =N10-O10 -> 0
A12: OUTGO | B12: January | C12: February | D12: March | E12: April | F12: May | G12: June | H12: July | I12: August | J12: September | K12: October | L12: November | M12: December | N12: Total | O12: Bud. Total | P12: Over/(Under)
A13: ='Data Sheet'!B24 -> Food and Household | B13: =Jan!AG13 -> 0 | C13: =Feb!AG13 -> 0 | D13: =Mar!AG13 -> 0 | E13: =Apr!AG13 -> 0 | F13: =May!AG13 -> 0 | G13: =Jun!AG13 -> 0 | H13: =Jul!AG13 -> 0 | I13: =Aug!AG13 -> 0 | J13: =Sep!AG13 -> 0 | K13: =Oct!AG13 -> 0 | L13: =Nov!AG13 -> 0 | M13: =Dec!AG13 -> 0 | N13: =SUM(B13:M13) -> 0 | O13: ='Data Sheet'!O24 -> 0 | P13: =N13-O13 -> 0
A14: ='Data Sheet'!B25 -> Mortgage or Rent | B14: =Jan!AG14 -> 0 | C14: =Feb!AG14 -> 0 | D14: =Mar!AG14 -> 0 | E14: =Apr!AG14 -> 0 | F14: =May!AG14 -> 0 | G14: =Jun!AG14 -> 0 | H14: =Jul!AG14 -> 0 | I14: =Aug!AG14 -> 0 | J14: =Sep!AG14 -> 0 | K14: =Oct!AG14 -> 0 | L14: =Nov!AG14 -> 0 | M14: =Dec!AG14 -> 0 | N14: =SUM(B14:M14) -> 0 | O14: ='Data Sheet'!O25 -> 0 | P14: =N14-O14 -> 0
A15: ='Data Sheet'!B26 -> Association Dues | B15: =Jan!AG15 -> 0 | C15: =Feb!AG15 -> 0 | D15: =Mar!AG15 -> 0 | E15: =Apr!AG15 -> 0 | F15: =May!AG15 -> 0 | G15: =Jun!AG15 -> 0 | H15: =Jul!AG15 -> 0 | I15: =Aug!AG15 -> 0 | J15: =Sep!AG15 -> 0 | K15: =Oct!AG15 -> 0 | L15: =Nov!AG15 -> 0 | M15: =Dec!AG15 -> 0 | N15: =SUM(B15:M15) -> 0 | O15: ='Data Sheet'!O26 -> 0 | P15: =N15-O15 -> 0
A16: ='Data Sheet'!B27 -> Car Payments | B16: =Jan!AG16 -> 0 | C16: =Feb!AG16 -> 0 | D16: =Mar!AG16 -> 0 | E16: =Apr!AG16 -> 0 | F16: =May!AG16 -> 0 | G16: =Jun!AG16 -> 0 | H16: =Jul!AG16 -> 0 | I16: =Aug!AG16 -> 0 | J16: =Sep!AG16 -> 0 | K16: =Oct!AG16 -> 0 | L16: =Nov!AG16 -> 0 | M16: =Dec!AG16 -> 0 | N16: =SUM(B16:M16) -> 0 | O16: ='Data Sheet'!O27 -> 0 | P16: =N16-O16 -> 0
A17: ='Data Sheet'!B28 -> Ins - Health | B17: =Jan!AG17 -> 0 | C17: =Feb!AG17 -> 0 | D17: =Mar!AG17 -> 0 | E17: =Apr!AG17 -> 0 | F17: =May!AG17 -> 0 | G17: =Jun!AG17 -> 0 | H17: =Jul!AG17 -> 0 | I17: =Aug!AG17 -> 0 | J17: =Sep!AG17 -> 0 | K17: =Oct!AG17 -> 0 | L17: =Nov!AG17 -> 0 | M17: =Dec!AG17 -> 0 | N17: =SUM(B17:M17) -> 0 | O17: ='Data Sheet'!O28 -> 0 | P17: =N17-O17 -> 0
A18: ='Data Sheet'!B29 -> Ins - Long Term Care | B18: =Jan!AG18 -> 0 | C18: =Feb!AG18 -> 0 | D18: =Mar!AG18 -> 0 | E18: =Apr!AG18 -> 0 | F18: =May!AG18 -> 0 | G18: =Jun!AG18 -> 0 | H18: =Jul!AG18 -> 0 | I18: =Aug!AG18 -> 0 | J18: =Sep!AG18 -> 0 | K18: =Oct!AG18 -> 0 | L18: =Nov!AG18 -> 0 | M18: =Dec!AG18 -> 0 | N18: =SUM(B18:M18) -> 0 | O18: ='Data Sheet'!O29 -> 0 | P18: =N18-O18 -> 0
A19: ='Data Sheet'!B30 -> Ins - Life | B19: =Jan!AG19 -> 0 | C19: =Feb!AG19 -> 0 | D19: =Mar!AG19 -> 0 | E19: =Apr!AG19 -> 0 | F19: =May!AG19 -> 0 | G19: =Jun!AG19 -> 0 | H19: =Jul!AG19 -> 0 | I19: =Aug!AG19 -> 0 | J19: =Sep!AG19 -> 0 | K19: =Oct!AG19 -> 0 | L19: =Nov!AG19 -> 0 | M19: =Dec!AG19 -> 0 | N19: =SUM(B19:M19) -> 0 | O19: ='Data Sheet'!O30 -> 0 | P19: =N19-O19 -> 0
A20: ='Data Sheet'!B31 -> Ins - Car | B20: =Jan!AG20 -> 0 | C20: =Feb!AG20 -> 0 | D20: =Mar!AG20 -> 0 | E20: =Apr!AG20 -> 0 | F20: =May!AG20 -> 0 | G20: =Jun!AG20 -> 0 | H20: =Jul!AG20 -> 0 | I20: =Aug!AG20 -> 0 | J20: =Sep!AG20 -> 0 | K20: =Oct!AG20 -> 0 | L20: =Nov!AG20 -> 0 | M20: =Dec!AG20 -> 0 | N20: =SUM(B20:M20) -> 0 | O20: ='Data Sheet'!O31 -> 0 | P20: =N20-O20 -> 0
A21: ='Data Sheet'!B32 -> Ins - Other | B21: =Jan!AG21 -> 0 | C21: =Feb!AG21 -> 0 | D21: =Mar!AG21 -> 0 | E21: =Apr!AG21 -> 0 | F21: =May!AG21 -> 0 | G21: =Jun!AG21 -> 0 | H21: =Jul!AG21 -> 0 | I21: =Aug!AG21 -> 0 | J21: =Sep!AG21 -> 0 | K21: =Oct!AG21 -> 0 | L21: =Nov!AG21 -> 0 | M21: =Dec!AG21 -> 0 | N21: =SUM(B21:M21) -> 0 | O21: ='Data Sheet'!O32 -> 0 | P21: =N21-O21 -> 0
A22: ='Data Sheet'!B33 -> Cell Phone | B22: =Jan!AG22 -> 0 | C22: =Feb!AG22 -> 0 | D22: =Mar!AG22 -> 0 | E22: =Apr!AG22 -> 0 | F22: =May!AG22 -> 0 | G22: =Jun!AG22 -> 0 | H22: =Jul!AG22 -> 0 | I22: =Aug!AG22 -> 0 | J22: =Sep!AG22 -> 0 | K22: =Oct!AG22 -> 0 | L22: =Nov!AG22 -> 0 | M22: =Dec!AG22 -> 0 | N22: =SUM(B22:M22) -> 0 | O22: ='Data Sheet'!O33 -> 0 | P22: =N22-O22 -> 0
A23: ='Data Sheet'!B34 -> Household Electrical | B23: =Jan!AG23 -> 0 | C23: =Feb!AG23 -> 0 | D23: =Mar!AG23 -> 0 | E23: =Apr!AG23 -> 0 | F23: =May!AG23 -> 0 | G23: =Jun!AG23 -> 0 | H23: =Jul!AG23 -> 0 | I23: =Aug!AG23 -> 0 | J23: =Sep!AG23 -> 0 | K23: =Oct!AG23 -> 0 | L23: =Nov!AG23 -> 0 | M23: =Dec!AG23 -> 0 | N23: =SUM(B23:M23) -> 0 | O23: ='Data Sheet'!O34 -> 0 | P23: =N23-O23 -> 0
A24: ='Data Sheet'!B35 -> Household Gas | B24: =Jan!AG24 -> 0 | C24: =Feb!AG24 -> 0 | D24: =Mar!AG24 -> 0 | E24: =Apr!AG24 -> 0 | F24: =May!AG24 -> 0 | G24: =Jun!AG24 -> 0 | H24: =Jul!AG24 -> 0 | I24: =Aug!AG24 -> 0 | J24: =Sep!AG24 -> 0 | K24: =Oct!AG24 -> 0 | L24: =Nov!AG24 -> 0 | M24: =Dec!AG24 -> 0 | N24: =SUM(B24:M24) -> 0 | O24: ='Data Sheet'!O35 -> 0 | P24: =N24-O24 -> 0
... A39: ='Data Sheet'!B50 -> Other | B39: =Jan!AG39 -> 0 | C39: =Feb!AG39 -> 0 | D39: =Mar!AG39 -> 0 | E39: =Apr!AG39 -> 0 | F39: =May!AG39 -> 0 | G39: =Jun!AG39 -> 0 | H39: =Jul!AG39 -> 0 | I39: =Aug!AG39 -> 0 | J39: =Sep!AG39 -> 0 | K39: =Oct!AG39 -> 0 | L39: =Nov!AG39 -> 0 | M39: =Dec!AG39 -> 0 | N39: =SUM(B39:M39) -> 0 | O39: ='Data Sheet'!O50 -> 0 | P39: =N39-O39 -> 0
A40: ='Data Sheet'!B51 -> Notes (text) | B40: =Jan!AG40 -> N/A | C40: =Feb!AG40 -> N/A | D40: =Mar!AG40 -> N/A | E40: =Apr!AG40 -> N/A | F40: =May!AG40 -> N/A | G40: =Jun!AG40 -> N/A | H40: =Jul!AG40 -> N/A | I40: =Aug!AG40 -> N/A | J40: =Sep!AG40 -> N/A | K40: =Oct!AG40 -> N/A | L40: =Nov!AG40 -> N/A | M40: =Dec!AG40 -> N/A | N40: N/A | O40: N/A | P40: N/A
A41: SUB. OUTGO | B41: =SUM(B13:B40) -> 0 | C41: =SUM(C13:C40) -> 0 | D41: =SUM(D13:D40) -> 0 | E41: =SUM(E13:E40) -> 0 | F41: =SUM(F13:F40) -> 0 | G41: =SUM(G13:G40) -> 0 | H41: =SUM(H13:H40) -> 0 | I41: =SUM(I13:I40) -> 0 | ... M41: =SUM(M13:M40) -> 0 | N41: =IF((SUM(B41:M41)=SUM(N13:N40)),(SUM(B41:M41)),"error") -> 0 | O41: ='Data Sheet'!O52 -> 0 | P41: =N41-O41 -> 0
A43: TAX DEDUCTIBLES | B43: January | C43: February | D43: March | E43: April | F43: May | G43: June | H43: July | I43: August | J43: September | K43: October | L43: November | M43: December | N43: Total | O43: Bud. Total | P43: Over/(Under)
A44: ='Data Sheet'!B55 -> Automobile Registration | B44: =Jan!AG44 -> 0 | C44: =Feb!AG44 -> 0 | D44: =Mar!AG44 -> 0 | E44: =Apr!AG44 -> 0 | F44: =May!AG44 -> 0 | G44: =Jun!AG44 -> 0 | H44: =Jul!AG44 -> 0 | I44: =Aug!AG44 -> 0 | J44: =Sep!AG44 -> 0 | K44: =Oct!AG44 -> 0 | L44: =Nov!AG44 -> 0 | M44: =Dec!AG44 -> 0 | N44: =SUM(B44:M44) -> 0 | O44: ='Data Sheet'!O55 -> 0 | P44: =N44-O44 -> 0
A45: ='Data Sheet'!B56 -> Medical Co-pays, etc | B45: =Jan!AG45 -> 0 | C45: =Feb!AG45 -> 0 | D45: =Mar!AG45 -> 0 | E45: =Apr!AG45 -> 0 | F45: =May!AG45 -> 0 | G45: =Jun!AG45 -> 0 | H45: =Jul!AG45 -> 0 | I45: =Aug!AG45 -> 0 | J45: =Sep!AG45 -> 0 | K45: =Oct!AG45 -> 0 | L45: =Nov!AG45 -> 0 | M45: =Dec!AG45 -> 0 | N45: =SUM(B45:M45) -> 0 | O45: ='Data Sheet'!O56 -> 0 | P45: =N45-O45 -> 0
A46: ='Data Sheet'!B57 -> Dental, Vision Etc. | B46: =Jan!AG46 -> 0 | C46: =Feb!AG46 -> 0 | D46: =Mar!AG46 -> 0 | E46: =Apr!AG46 -> 0 | F46: =May!AG46 -> 0 | G46: =Jun!AG46 -> 0 | H46: =Jul!AG46 -> 0 | I46: =Aug!AG46 -> 0 | J46: =Sep!AG46 -> 0 | K46: =Oct!AG46 -> 0 | L46: =Nov!AG46 -> 0 | M46: =Dec!AG46 -> 0 | N46: =SUM(B46:M46) -> 0 | O46: ='Data Sheet'!O57 -> 0 | P46: =N46-O46 -> 0
A47: ='Data Sheet'!B58 -> Child Care | B47: =Jan!AG47 -> 0 | C47: =Feb!AG47 -> 0 | D47: =Mar!AG47 -> 0 | E47: =Apr!AG47 -> 0 | F47: =May!AG47 -> 0 | G47: =Jun!AG47 -> 0 | H47: =Jul!AG47 -> 0 | I47: =Aug!AG47 -> 0 | J47: =Sep!AG47 -> 0 | K47: =Oct!AG47 -> 0 | L47: =Nov!AG47 -> 0 | M47: =Dec!AG47 -> 0 | N47: =SUM(B47:M47) -> 0 | O47: ='Data Sheet'!O58 -> 0 | P47: =N47-O47 -> 0
A48: ='Data Sheet'!B59 -> Property Taxes | B48: =Jan!AG48 -> 0 | C48: =Feb!AG48 -> 0 | D48: =Mar!AG48 -> 0 | E48: =Apr!AG48 -> 0 | F48: =May!AG48 -> 0 | G48: =Jun!AG48 -> 0 | H48: =Jul!AG48 -> 0 | I48: =Aug!AG48 -> 0 | J48: =Sep!AG48 -> 0 | K48: =Oct!AG48 -> 0 | L48: =Nov!AG48 -> 0 | M48: =Dec!AG48 -> 0 | N48: =SUM(B48:M48) -> 0 | O48: ='Data Sheet'!O59 -> 0 | P48: =N48-O48 -> 0
A49: ='Data Sheet'!B60 -> Other | B49: =Jan!AG49 -> 0 | C49: =Feb!AG49 -> 0 | D49: =Mar!AG49 -> 0 | E49: =Apr!AG49 -> 0 | F49: =May!AG49 -> 0 | G49: =Jun!AG49 -> 0 | H49: =Jul!AG49 -> 0 | I49: =Aug!AG49 -> 0 | J49: =Sep!AG49 -> 0 | K49: =Oct!AG49 -> 0 | L49: =Nov!AG49 -> 0 | M49: =Dec!AG49 -> 0 | N49: =SUM(B49:M49) -> 0 | O49: ='Data Sheet'!O60 -> 0 | P49: =N49-O49 -> 0
A50: ='Data Sheet'!B61 -> Other | B50: =Jan!AG50 -> 0 | C50: =Feb!AG50 -> 0 | D50: =Mar!AG50 -> 0 | E50: =Apr!AG50 -> 0 | F50: =May!AG50 -> 0 | G50: =Jun!AG50 -> 0 | H50: =Jul!AG50 -> 0 | I50: =Aug!AG50 -> 0 | J50: =Sep!AG50 -> 0 | K50: =Oct!AG50 -> 0 | L50: =Nov!AG50 -> 0 | M50: =Dec!AG50 -> 0 | N50: =SUM(B50:M50) -> 0 | O50: ='Data Sheet'!O61 -> 0 | P50: =N50-O50 -> 0
A51: ='Data Sheet'!B62 -> Notes (text) | B51: =Jan!AG51 -> N/A | C51: =Feb!AG51 -> N/A | D51: =Mar!AG51 -> N/A | E51: =Apr!AG51 -> N/A | F51: =May!AG51 -> N/A | G51: =Jun!AG51 -> N/A | H51: =Jul!AG51 -> N/A | I51: =Aug!AG51 -> N/A | J51: =Sep!AG51 -> N/A | K51: =Oct!AG51 -> N/A | L51: =Nov!AG51 -> N/A | M51: =Dec!AG51 -> N/A | N51: N/A | O51: N/A | P51: N/A
A52: SUB. TAX OUTGO | B52: =SUM(B44:B50) -> 0 | C52: =SUM(C44:C50) -> 0 | D52: =SUM(D44:D50) -> 0 | E52: =SUM(E44:E50) -> 0 | F52: =SUM(F44:F50) -> 0 | G52: =SUM(G44:G50) -> 0 | H52: =SUM(H44:H50) -> 0 | I52: =SUM(I44:I50) -> 0 | ... M52: =SUM(M44:M50) -> 0 | N52: =IF((SUM(B52:M52)=SUM(N44:N51)),(SUM(B52:M52)),"error") -> 0 | O52: ='Data Sheet'!O63 -> 0 | P52: =N52-O52 -> 0
A53: TOTAL OUTGO | B53: =(B41+B52) -> 0 | C53: =(C41+C52) -> 0 | D53: =(D41+D52) -> 0 | E53: =(E41+E52) -> 0 | F53: =(F41+F52) -> 0 | G53: =(G41+G52) -> 0 | H53: =(H41+H52) -> 0 | I53: =(I41+I52) -> 0 | ... M53: =(M41+M52) -> 0 | N53: =SUM(B53:M53) -> 0 | O53: ='Data Sheet'!O64 -> 0 | P53: =N53-O53 -> 0
A54: Year | B54: January | C54: February | D54: March | E54: April | F54: May | G54: June | H54: July | I54: August | J54: September | K54: October | L54: November | M54: December | N54: =(N10-N53) -> 0 | O54: ='Data Sheet'!O66 -> 0 | P54: =N54-O54 -> 0
A55: ='Data Sheet'!B13 -> Enter Year Here

Sheet Trends
A35: Notes for Year: | C35: ='Data Sheet'!B13 -> Enter Year Here
